 Dungeon Crawl Stone Soup version 0.30-a0-553-g7fabdf1491 (webtiles) character file.

Game seed: 5007703554786426321

2809730 LightUpTheStage the Slayer (level 27, 206/206 HPs)
             Began as an Octopode Summoner on Dec 26, 2022.
             Was a Follower of Lugonu.
             Escaped with the Orb
             ... and 5 runes!
             The game lasted 03:18:38 (83683 turns).

LightUpTheStage the Slayer (Octopode Summoner)     Turns: 83683, Time: 03:18:39

Health: 206/206    AC: 18    Str:  5    XL:     27
Magic:  36/36      EV: 56    Int: 27    God:    Lugonu [*.....]
Gold:   3634       SH:  0    Dex: 36    Spells: 7/54 levels left

rFire   + + +      SeeInvis .      - Unarmed
rCold   + + +      Faith    .    (shield currently unavailable)
rNeg    + + .      Spirit   .    (helmet currently unavailable)
rPois   ∞          Reflect  .    N - amulet of the Air {Inacc Air Fly rElec RMsl}
rElec   +          Harm     .    Y - ring "Diepua" {rF+ rC+ Int+5}
rCorr   +          Rampage  .    X - ring of Ignis's Pride {Wiz rElec Will+}
Will    ++++.                    V - ring of Cexyntou {Fly rElec rC++ Will- Dex+3}
Stlth   +                        g - ring "Lysybbum" {Will++ EV+4 Dex+5}
HPRegen 0.54/turn                v - ring of Ihubris {rPois rN++ Str-4 Dex+4}
MPRegen 0.25/turn                s - ring "Ohosoorgh" {rC+ rCorr Str+2 Stlth+}
                                 o - ring of Jyucsoej {rPois rF+ Str+3 Int-4}
                                 c - ring "Obbixtevyv" {Fire rPois Str-3 Dex+6}

@: storm-form, flying, glowing, repel missiles
A: cleaving, insubstantial, flying, almost no armour, amphibious, 8 rings,
(camouflage 1), (gelatinous body 1), (nimble swimmer 1), (tentacles), (beak),
(iridescent scales 1), agile 1, dopey 1, low MP 1, screaming 1, subdued magic 2,
inability to drink after injury 1
0: Orb of Zot
}: 5/15 runes: decaying, slimy, silver, abyssal, gossamer
a: Blinkbolt, End Transformation, Renounce Religion, Depart the Abyss


You escaped.
You worshipped Lugonu.
Lugonu was aware of your devotion.
You were a lightning-filled tempest!
You visited 13 branches of the dungeon, and saw 57 of its levels.
You visited the Abyss 2 times.
You visited 1 bazaar.
You also visited: Trove.

You collected 32705 gold pieces.
You spent 6119 gold pieces at shops.
You paid 22952 gold pieces to Gozag.


Innate Abilities, Weirdness & Mutations

You are a lightning-filled tempest!
Your electrical attacks strike out in all directions at once.
You are incredibly evasive.
Your insubstantial body is immune to petrification, constriction, and being set on fire You are flying.
You are immune to poison.
Your armour is entirely melded.
You are incapable of wielding weapons or throwing items.
You cannot wear most types of armour.
You are amphibious.
You can wear up to eight rings at the same time.
((Your skin changes colour to match your surroundings (Stealth+).))
((Your rubbery body absorbs attacks. (AC +1, EV +1)))
((You are camouflaged when in or above water. (Stealth+)))
((You have tentacles for arms and can constrict up to eight enemies at once.))
((You have a beak for a mouth.))
((You are partially covered in iridescent scales. (AC +2)))
You are agile. (Dex +4, Str/Int -1)
You are dopey. (Int -2)
Your magical capacity is low. (-10% MP)
You occasionally shout uncontrollably at your foes.
Your spells are easier to cast, but less powerful.
You occasionally lose the ability to drink potions when taking damage.


   Skills:
 + Level 21.6 Fighting
 + Level 21.6 Dodging
 - Level 2.6 Stealth
 + Level 21.6 Unarmed Combat
 - Level 14.0 Spellcasting
 - Level 4.0 Conjurations
 - Level 5.0 Hexes
 - Level 12.0 Summonings
 - Level 10.0 Necromancy
 * Level 17.7 Transmutations
 - Level 16.0 Fire Magic
 * Level 17.7 Air Magic


You had 7 spell levels left.
You knew the following spells:

 Your Spells              Type           Power      Damage    Failure   Level
b - Blink                 Tloc           22%        N/A       1%          2
c - Call Canine Familiar  Summ           51%        N/A       0%          3
d - Death Channel         Necr           22%        N/A       1%          6
h - Haunt                 Necr/Summ      24%        N/A       8%          7
i - Ignition              Fire           39%        3d12      8%          8
l - Summon Lightning Spi  Summ/Air       75%        N/A       0%          4
m - Manifold Assault      Tloc           11%        N/A       9%          4
s - Storm Form            Tmut/Air       41%        N/A       1%          7
w - Wereblood             Tmut           64%        N/A       0%          2
L - Leda's Liquefaction   Hex/Erth       10%        N/A       2%          4

Your spell library contained the following spells:

 Spells                   Type           Power      Damage    Failure   Level
 Summon Small Mammal      Summ           100%       N/A       0%          1
 Call Imp                 Summ           51%        N/A       0%          2
 Cigotuvi's Dreadful Rot  Necr/Pois/Air  100%       N/A       0%          2
 Passwall                 Tmut/Erth      34%        N/A       0%          2
 Static Discharge         Conj/Air       100%       2-7/arc   0%          2
 Sublimation of Blood     Necr           45%        N/A       0%          2
 Ignite Poison            Fire/Tmut/Pois 65%        N/A       0%          3
 Inner Flame              Hex/Fire       63%        N/A       0%          3
 Kindle Blastsparks       Fire/Tloc/Air  100%       2d18      0%          3
 Swiftness                Air            82%        N/A       0%          3
 Airstrike                Air            41%        2d(6-22)  0%          4
 Blade Hands              Tmut           32%        N/A       0%          5
 Apportation              Tloc           22%        N/A       1%          1
 Freeze                   Ice            44%        1d6       1%          1
 Magic Dart               Conj           100%       1d8       1%          1
 Sandblast                Erth           22%        2d7       1%          1
 Slow                     Hex            100%       N/A       1%          1
 Ensorcelled Hibernation  Hex/Ice        40%        N/A       1%          2
 Momentum Strike          Conj/Tloc      36%        3d9       1%          2
 Searing Ray              Conj           50%        2d6       1%          2
 Dazzling Flash           Conj/Hex       54%        N/A       1%          3
 Hailstorm                Conj/Ice       18%        3d6       1%          3
 Mephitic Cloud           Conj/Pois/Air  53%        N/A       1%          3
 Portal Projectile        Hex/Tloc       40%        N/A       1%          3
 Spider Form              Tmut/Pois      41%        N/A       1%          3
 Stone Arrow              Conj/Erth      36%        3d9       1%          3
 Summon Guardian Golem    Hex/Summ       40%        N/A       1%          3
 Tukima's Dance           Hex            28%        N/A       1%          3
 Vampiric Draining        Necr           45%        2d9       1%          3
 Vhi's Electric Charge    Tloc/Air       100%       N/A       1%          3
 Anguish                  Hex/Necr       18%        N/A       1%          4
 Animate Dead             Necr           45%        N/A       1%          4
 Dispel Undead            Necr           45%        3d17      1%          4
 Flame Wave               Conj/Fire      62%        2d14      1%          4
 Fulminant Prism          Conj/Hex       13%        3d8       1%          4
 Ice Form                 Ice/Tmut       41%        N/A       1%          4
 Petrify                  Tmut/Erth      41%        N/A       1%          4
 Sticky Flame             Conj/Fire      62%        2d8       1%          4
 Summon Ice Beast         Ice/Summ       32%        N/A       1%          4
 Alistair's Intoxication  Tmut/Pois      27%        N/A       1%          5
 Arcjolt                  Conj/Air       32%        1d42      1%          5
 Freezing Cloud           Conj/Ice/Air   26%        6-21      1%          5
 Irradiate                Conj/Tmut      24%        3d19      1%          5
 Lightning Bolt           Conj/Air       32%        1d49      1%          5
 Summon Mana Viper        Hex/Summ       40%        N/A       1%          5
 Conjure Ball Lightning   Conj/Air       32%        3x3d10    1%          6
 Starburst                Conj/Fire      31%        6d9       1%          6
 Dragon Form              Tmut           32%        N/A       1%          7
 Frozen Ramparts          Ice            22%        1d4       2%          3
 Gell's Gravitas          Tloc           11%        N/A       2%          3
 Lesser Beckoning         Tloc           22%        N/A       2%          3
 Teleport Other           Tloc           11%        N/A       2%          3
 Iskenderun's Mystic Bla  Conj/Tloc      18%        2d6       3%          4
 Statue Form              Tmut/Erth      27%        N/A       3%          6
 Summon Hydra             Summ           25%        N/A       4%          7
 Metabolic Englaciation   Hex/Ice        10%        N/A       9%          5
 Simulacrum               Ice/Necr       14%        N/A       17%         6
 Lee's Rapid Deconstruct  Erth           5%         3d6*      24%         5
 Spellforged Servitor     Conj/Summ      19%        N/A       26%         7
 Enfeeble                 Hex            14%        N/A       67%         7
 Dispersal                Tloc           5%         N/A       78%         6
 Orb of Destruction       Conj           12%        9d7       82%         7
 Ozocubu's Refrigeration  Ice            5%         4d8       100%        7
 Maxwell's Capacitive Co  Air            41%        ∞         3%          8
 Necromutation            Tmut/Necr      27%        N/A       21%         8
 Borgnjor's Revivificati  Necr           22%        N/A       67%         8
 Infestation              Necr           22%        N/A       67%         8
 Discord                  Hex            14%        N/A       100%        8
 Disjunction              Tloc           5%         N/A       100%        8
 Lehudib's Crystal Spear  Conj/Erth      9%         10d4      100%        8
 Death's Door             Necr           22%        N/A       100%        9
 Polar Vortex             Ice            5%         N/A       100%        9
 Animate Armour           Summ/Erth      Unusable   N/A       N/A         4

Inventory:

Armour
 O - an orb of wrath
   (You found it on level 5 of the Realm of Zot)
 W - a +1 hat (melded)
   (You found it on level 5 of the Pits of Slime)
Magical Staves
 S - a staff of air (melded) {!a}
   (You found it on level 1 of the Swamp)
Jewellery
 b - the ring of Incredulity {Str+4 Int+5 Dex-2 Slay+2 SInv}
   (You bought it in a shop on level 10 of the Dungeon)

   [ring of see invisible]

   Str:       It affects your strength (+4).
   Int:       It affects your intelligence (+5).
   Dex:       It affects your dexterity (-2).
   Slay:      It affects your accuracy & damage with ranged weapons and melee
   (+2).
   SInv:      It lets you see invisible.
 c - the ring "Obbixtevyv" (on tentacle) {Fire rPois Str-3 Dex+6}
   (You found it on level 5 of the Vaults)

   [ring of fire]

   It enhances your fire magic.
   Str:       It affects your strength (-3).
   Dex:       It affects your dexterity (+6).
   rF:        It protects you from fire.
   rC:        It makes you vulnerable to cold.
   rPois:     It protects you from poison.
 g - the ring "Lysybbum" (on tentacle) {Will++ EV+4 Dex+5}
   (You bought it in a shop on level 10 of the Dungeon)

   [ring of evasion]

   EV:        It affects your evasion (+4).
   Dex:       It affects your dexterity (+5).
   Will:      It greatly increases your willpower.
 o - the ring of Jyucsoej (on tentacle) {rPois rF+ Str+3 Int-4}
   (You found it on level 5 of the Pits of Slime)

   [ring of protection from fire]

   Str:       It affects your strength (+3).
   Int:       It affects your intelligence (-4).
   rF:        It protects you from fire.
   rPois:     It protects you from poison.
 s - the ring "Ohosoorgh" (on tentacle) {rC+ rCorr Str+2 Stlth+}
   (You bought it in a shop on level 3 of the Elven Halls)

   [ring of resist corrosion]

   Str:       It affects your strength (+2).
   rC:        It protects you from cold.
   rCorr:     It protects you from acid and corrosion.
   Stlth:     It makes you more stealthy.
 v - the ring of Ihubris (on tentacle) {rPois rN++ Str-4 Dex+4}
   (You found it in a treasure trove)

   [ring of poison resistance]

   Str:       It affects your strength (-4).
   Dex:       It affects your dexterity (+4).
   rPois:     It protects you from poison.
   rN:        It greatly protects you from negative energy.
 N - the amulet of the Air (around neck) {Inacc Air Fly rElec RMsl}
   (You found it in a treasure trove)

   [amulet of nothing]

   It reduces the accuracy of all your attacks.
   It enhances your air magic.
   rElec:     It insulates you from electricity.
   Fly:       It grants you flight.
   RMsl:      It protects you from missiles.
 P - the ring of Gaseel {rN+ Will+}
   (You found it in a treasure trove)

   [ring of positive energy]

   rN:        It protects you from negative energy.
   Will:      It increases your willpower.
 V - the ring of Cexyntou (on tentacle) {Fly rElec rC++ Will- Dex+3}
   (You took it off a deep elf high priest on level 3 of the Elven Halls)

   [ring of flight]

   Dex:       It affects your dexterity (+3).
   rC:        It greatly protects you from cold.
   rElec:     It insulates you from electricity.
   Fly:       It grants you flight.
   Will:      It decreases your willpower.
 X - the ring of Ignis's Pride (right tentacle) {Wiz rElec Will+}
   (You found it on level 5 of the Pits of Slime)

   [ring of wizardry]

   It improves your spell success rate.
   rElec:     It insulates you from electricity.
   Will:      It increases your willpower.
 Y - the ring "Diepua" (left tentacle) {rF+ rC+ Int+5}
   (You found it in a treasure trove)

   [ring of protection from fire]

   Int:       It affects your intelligence (+5).
   rF:        It protects you from fire.
   rC:        It protects you from cold.
Wands
 j - a wand of mindburst (11)
   (You found it on level 1 of the Realm of Zot)
 n - a wand of polymorph (7)
   (You found it on level 4 of the Realm of Zot)
 z - a wand of charming (4)
   (You found it on level 2 of the Crypt)
 J - a wand of digging (5)
   (You found it on level 10 of the Dungeon)
 L - a wand of roots (5)
   (You found it on level 3 of the Crypt)
 T - a wand of light (35)
   (You found it on level 15 of the Dungeon)
Scrolls
 d - 12 scrolls of enchant armour
 f - 10 scrolls of blinking {!r}
 h - 2 scrolls of silence {!r}
 k - 4 scrolls of butterflies
 l - 9 scrolls of fear
 p - 9 scrolls of fog
 x - 5 scrolls of brand weapon
 A - 8 scrolls of magic mapping {!r}
 B - 20 scrolls of amnesia
 E - 29 scrolls of teleportation {@r4}
 F - 2 scrolls of immolation {!r!r}
 G - a scroll of silence {!r!r}
 R - 4 scrolls of enchant weapon
Potions
 a - 4 potions of magic
 e - 4 potions of invisibility
 i - 4 potions of berserk rage {!q}
 m - 9 potions of might
 q - 32 potions of curing {@q1}
 r - 6 potions of lignification {!q}
 t - 6 potions of heal wounds {@q2}
 w - 9 potions of ambrosia
 y - 3 potions of cancellation
 C - a potion of mutation {!q}
 I - 5 potions of haste {@q3}
 M - 2 potions of resistance
 Q - 6 potions of attraction {!q}
 Z - 2 potions of brilliance
Miscellaneous
 u - a tin of tremorstones (2/2)
   (You found it on level 12 of the Dungeon)
 D - a phantom mirror
   (You found it on level 4 of the Depths)
 H - a condenser vane
   (You found it on level 3 of the Elven Halls)
 K - a lightning rod (4/4)
   (You found it on level 3 of the Spider Nest)
 U - a box of beasts
   (You found it on level 3 of the Crypt)

Dungeon Overview and Level Annotations

Branches:
Dungeon (15/15)            Temple (1/1) D:4            Lair (5/5) D:9
  Swamp (4/4) Lair:3       Spider (4/4) Lair:2        Slime (5/5) Lair:5
    Orc (2/2) D:10            Elf (3/3) Orc:2        Vaults (5/5) D:13
  Crypt (3/3) Vaults:2       Tomb (0/3) Crypt:3      Depths (4/4) D:15
   Hell (visited)             Dis (0/7) Hell            Geh (0/7) Hell
    Coc (0/7) Hell            Tar (0/7) Hell            Zot (5/5) Depths:4

Altars:
Ashenzari
Cheibriados
Dithmenos
Elyvilon
Fedhas
Gozag
Hepliaklqana
Kikubaaqudgha
Makhleb
Nemelex Xobeh
Okawaru
Qazlal
Ru
Sif Muna
Trog
Uskayaw
Vehumet
Wu Jian
Xom
Yredelemnul
Zin
The Shining One
Jiyva
Lugonu

Shops:
D:9 [[[   D:10 =?**==   Orc:2 (:*?   Elf:1 ??   Elf:3 =:=   Vaults:1 (
Vaults:3 =[:   Depths:1 =

Portals:
Hell: Depths:1 Depths:2 Depths:3 Depths:4
Abyss: Depths:2 Depths:3 Depths:4
Pandemonium: Orc:2 Depths:1 Depths:2 Depths:4
Ziggurat: Depths:1

Annotations:
Zot:1 1 transporter

#....)..#.#.###........##.####
..........###..........##.[..##
...#...##..........#....##.#..###
...#....#.....##..#.....##..#....
##.##...##..##.#..#.#.#.###...##.
'...'....A...+....'...'...#...##.
#...##'###...###'##...###'##.....
##'##....##'##..A.##'##....#.###.
#...#....#...#..v.#...#..÷.#.###.
#...#....#...#....#...#....#.....
#...######...######...######.###.
.............................###.
##...............................
##.......####.......#######.####.
.........# #..#..........[......
##.####..####..#.#.#####.##..####
#.# #..........#.# #.....# #


You could see an angel.


Message History

Your transformation is almost over.
Your transformation has ended.
Your staff of air {!a} unmelds from your body.
Your +1 hat unmelds from your body.
There is a stone staircase leading up here.
Unknown command.
You feel a strong surge of power!
You turn into a lightning-filled tempest!
Your staff of air {!a} melds into your body.
Your +1 hat melds into your body.
You fly upwards.
There is a stone staircase leading down here.
You feel yourself speed up.
Unknown command.
Your extra speed is starting to run out.
You feel yourself slow down.
Unknown command.
A demonspawn black sun and a demonspawn blood saint come into view.
There is a stone staircase leading up here.
The demonspawn black sun calls down the wrath of Kikubaaqudgha upon you.
The bolt of negative energy hits something.
The bolt of negative energy misses you.
You fly upwards.
There is a stone staircase leading down here.
You feel yourself speed up.
A shadow demon comes into view.
Gozag incites the shadow demon against you.
The shadow demon seems to speed up.
You hit the shadow demon but do no damage.
You batter the shadow demon!! The shadow demon completely misses you.
You batter the shadow demon!! The shadow demon completely misses you.
You barely miss the shadow demon. Your punch misses the shadow demon.
You buffet the shadow demon!
You kill the shadow demon!
Lugonu accepts your kill.
An Orb Guardian comes into view.
Gozag incites the Orb Guardian against you.
The Orb Guardian goes berserk!
There is a stone staircase leading up here.
You fly upwards.
There is a stone staircase leading down here.
Your extra speed is starting to run out.
You feel yourself slow down.
You see here a +0 giant club.
There is a stone staircase leading up here.
Unknown command.
Casting: Storm Form (mildly dangerous; 1% risk of failure)
Confirm with . or Enter, or press ? or * to list all spells.
You feel a surge of power!
You extend your transformation's duration.
Unknown command.
You feel yourself speed up.
You fly upwards.
There is a stone staircase leading down here.
You see here a +0 club.
An Orb Guardian comes into view.
Unknown command.
You buffet the Orb Guardian!
Lightning courses through the Orb Guardian!
The Orb Guardian completely misses you.
You blast the Orb Guardian!!!
You kill the Orb Guardian!
Lugonu accepts your kill.
No target in view!
There is a stone staircase leading up here.
You fly upwards.
There is a stone staircase leading down here.
A large abomination comes into view.
Gozag incites the large abomination against you.
The large abomination seems to speed up.
Unknown command.
A large abomination is nearby!
Your extra speed is starting to run out.
A large abomination is nearby!
You feel yourself slow down.
There is a stone staircase leading up here.
You fly upwards.
There is a stone staircase leading down here.
Unknown command.
A tormentor comes into view.
An angel comes into view. It is wielding a +2 whip of holy wrath.
The angel moves out of view.
An angel is nearby!
Unknown command.
Aiming: Dig
Press: ? - help, Q - select action, (/) - cycle Shift-Dir - straight line You can't see that place. [the floor.]
The rock shatters into small pieces.
Blink to where?
Press: ? - help, Q - select action, (/) - cycle Dir - move target
As you read the scroll of blinking {!r}, it crumbles to dust.
You reach down and open the door.
There is an open door here.
An angel is nearby!
An angel is nearby!
There is an open door here.
There is a staircase leading out of the dungeon here.
The angel hits you but does no damage. The angel completely misses you.
You have escaped!

Skill      XL: |  1  2  3  4  5  6  7  8  9 10 11 12 13 14 15 16 17 18 19 20 21 22 23 24 25 26 27 |
---------------+----------------------------------------------------------------------------------+-----
Summonings     | 5 6 7 8 9 10 11 12 | 12.0
Air Magic      | 1 2 3 4 5 6 7 9 11 13 16 17 | 17.7
Spellcasting   | 3 4 5 6 7 8 9 10 11 12 13 14 | 14.0
Fighting       | 1 2 4 5 7 9 10 11 12 13 15 16 17 18 19 21 | 21.6
Conjurations   | 1 2 4 |  4.0
Dodging        | 3 4 6 8 9 10 12 13 15 16 17 18 19 21 | 21.6
Transmutations | 5 9 12 13 15 16 17 | 17.7
Unarmed Combat | 5 6 8 11 13 14 16 18 19 20 21 | 21.6
Hexes          | 5 |  5.0
Necromancy     | 6 7 8 9 10 | 10.0
Fire Magic     | 3 6 8 9 11 14 16 | 16.0
Stealth        | |  2.6

Action                   |  1- 3 |  4- 6 |  7- 9 | 10-12 | 13-15 | 16-18 | 19-21 | 22-24 | 25-27 || total
-------------------------+-------+-------+-------+-------+-------+-------+-------+-------+-------++-------
Melee: Unarmed           |    45 |    80 |    61 |    92 |       |   599 |   959 |   899 |  1272 ||  4007
       Constrict         |    19 |    21 |    17 |    19 |    51 |     1 |       |       |       ||   128
       Tentacles         |    10 |    18 |    17 |    30 |    60 |       |       |       |       ||   135
       Punch             |       |     3 |     3 |     1 |     5 |    36 |    81 |   121 |   217 ||   467
       Dagger            |       |       |       |     8 |   210 |     2 |       |       |       ||   220
 Cast: Summon Small Mamm |    36 |     9 |    11 |     8 |       |       |       |       |       ||    64
       Call Canine Famil |     9 |    22 |    41 |    73 |   182 |    55 |    12 |       |       ||   394
       Summon Lightning  |       |       |    32 |    79 |   212 |    83 |    41 |     6 |       ||   453
       Storm Form        |       |       |       |       |       |    66 |    86 |    82 |   125 ||   359
       Leda's Liquefacti |       |       |       |       |       |       |     7 |     1 |       ||     8
       Death Channel     |       |       |       |       |       |       |     3 |    32 |    20 ||    55
       Wereblood         |       |       |       |       |       |       |       |    18 |    17 ||    35
       Ignition          |       |       |       |       |       |       |       |       |     8 ||     8
Invok: Call Merchant     |       |       |       |     2 |     2 |     2 |     1 |       |       ||     7
       Potion Petition   |       |       |       |       |     1 |       |     3 |     1 |     4 ||     9
       Bribe Branch      |       |       |       |       |       |       |       |       |     4 ||     4
 Abil: Blinkbolt         |       |       |       |       |       |     4 |     7 |     1 |     5 ||    17
Evoke: Wand              |       |       |       |    19 |    12 |       |     1 |       |     3 ||    35
       Tin of tremorston |       |       |       |     1 |     1 |       |       |       |       ||     2
  Use: Scroll            |       |       |       |    18 |    12 |     6 |     2 |     4 |     9 ||    51
       Potion            |       |       |       |       |     3 |     1 |    15 |     4 |    24 ||    47
 Stab: Sleeping          |       |     6 |       |       |       |     3 |     3 |     1 |     2 ||    15
       Distracted        |       |     2 |     1 |     4 |    11 |    24 |    18 |    18 |    42 ||   120
       Invisible         |       |       |       |       |       |       |     2 |       |     4 ||     6
Armor: Skin              |     3 |     4 |     1 |    16 |    59 |   192 |   156 |   187 |   129 ||   747
Dodge: Dodged            |    35 |    72 |    50 |   126 |   370 |   972 |  1132 |   888 |  1099 ||  4744
       Repelled          |       |       |       |       |       |       |       |       |     7 ||     7
Block: Other             |       |       |       |       |       |       |       |       |    38 ||    38
       Reflection        |       |       |       |       |       |       |       |       |     1 ||     1

Levels and vault maps discovered:
D:1:      arrival_zaba_pyramid, layout_basic, basic_ecumenical_altar,
          minmay_cut_off
D:2:      layout_basic
D:3:      layout_basic, mainiacjoe_overflow_alcove_1, grunt_gozag_statues,
          elyvilon_altar_5, gammafunk_ghost_grave, feat_on_display
D:4:      layout_basic, mainiacjoe_overflow_paths,
          mainiacjoe_overflow_large_starburst, minmay_temple_entry_glass
D:5:      layout_basic, evilmike_ruin_ashenzari, uniq_eustachio
D:6:      layout_cave_pods, mainiacjoe_overflow_cross_hatched, zin_statuary,
          kennysheep_minor_cross
D:7:      layout_loops_ring, makhleb_heckhound_becter, lightli_temple_of_fire
D:8:      gammafunk_jiyva_shrine, layout_basic, old_standard_altar
D:9:      layout_roguey, slow_altar_2, lair_entry_dummy, serial_shops,
          nicolae_shop_hallway_plus, nicolae_shop_behind_doors, shop,
          uniq_prince_ribbit1
D:10:     layout_irregular_city, old_standard_altar, orc_0_dummy
D:11:     layout_basic, gammafunk_ghost_ooze, enter_trove_6
D:12:     layout_basic, tso_metal_star
D:13:     cheibrodos_shockbox, layout_basic, david_vaults_3,
          minmay_fractal_squares_gapless_5, uniq_nessos, uniq_urug
D:14:     layout_irregular_city, fedhas_altar_fruit_tree,
          hellmonk_ghost_happy_afterlife
D:15:     grunt_enter_depths_hoard, layout_rooms, uniq_louise, uniq_jorgrun
Temple:   nicolae_temple_godpark
Lair:1:   layout_roguey, nicolae_lair_liquid_snakes, uniq_maggie
Lair:2:   layout_cave_pods, dummy_spider_entry, uniq_harold
Lair:3:   layout_hall_layers, nicolae_swamp_entry_splash_gauntlet
Lair:4:   layout_concentric_octagons, basic_altar
Lair:5:   minmay_lair_end_frog_pond, layout_concentric_octagons, slime_entry_2,
          chequers_serial_rivers_micro_c
Swamp:1:  layout_basic_swamp, hangedman_swamp_pad, grunt_hermit_hut
Swamp:2:  layout_basic_swamp, nicolae_swamp_well_well_well
Swamp:3:  layout_basic_swamp, hangedman_swamp_ruin_wall, swamp_pool3,
          cheibrodos_swamp_pet_leeches, infiniplex_staircase_pool_2
Swamp:4:  swamp_vile, layout_basic_swamp
Spider:1: layout_cave_pods, nicolae_spider_acid_house,
          hangedman_spider_tarantella_strand
Spider:2: layout_chambers, worms_lemuel
Spider:3: layout_spider_delve
Spider:4: hellmonk_spider_rune_endless_swarm, uniq_agnes, uniq_mara
Slime:1:  nicolae_slime_pool, layout_caves, basic_altar
Slime:2:  layout_caves, cheibrodos_slime_lost_civilization_6
Slime:3:  layout_caves, basic_altar, nicolae_slime_phagocytosis
Slime:4:  layout_caves
Slime:5
Orc:1:    layout_caves, hellmonk_jugg_or_not
Orc:2:    pf_orc_diabolical, layout_diamond_mine, serial_shops,
          nicolae_shop_stone, gauntlet_entry_generic, uniq_sonja,
          uniq_saint_roka
Elf:1:    minmay_elf_arrival_plus, layout_loops_corners, serial_shops, shop,
          kennysheep_underground_church, uniq_nikola
Elf:2:    nicolae_elf_blades_crystal_corner, layout_onion_city, kb_rosetta
Elf:3:    minmay_elf_hall_x, layout_loops_corners, corexii_checkpoint_a,
          billiards_dpeg, minmay_shop_grove
Vaults:1: nicolae_vaults_network_s, st_octagons_2,
          ontoclasm_vaults_loading_screen, nicolae_vaults_specimen_jars,
          v_misc_15, v_alt_pattern_2, ontoclasm_vaults_idyll,
          nicolae_vaults_diagonal_hallway_9, nicolae_vaults_yaktaur_gun_rack,
          v_misc_27, vaults_mumra_minichess,
          vaults_standard_mumra_enter_the_diamond, vaults_dpeg_cross,
          vaults_mumra_lcd, layout_vaults_maze_bifur, serial_shops,
          nicolae_shop_bloodbath_and_beyond
Vaults:2: minmay_crypt_entry_simple_statues, v_misc_12, v_misc_24,
          v_alt_pattern_1, vaults_standard_mumra_enter_the_diamond,
          nicolae_vaults_mini_display_case, v_misc_22,
          nicolae_vaults_little_squares_1, nicolae_vaults_border_crossing,
          hangedman_vaults_trim, layout_vaults_big_room, uniq_frederick
Vaults:3: vaults_room_stairs_pillars, hangedman_vaults_trim,
          hangedman_vaults_trim, v_misc_28, ontoclasm_vaults_eye,
          nicolae_vaults_network_periphery, ontoclasm_vaults_decontamination,
          v_misc_17, nicolae_vaults_triangles, vaults_room_door_ring,
          ontoclasm_vaults_shuriken, layout_vaults_omnibox, serial_shops,
          bzr_entry_road, shop, shop, shop, uniq_sojobo, uniq_aizul
Vaults:4: hangedman_vaults_trim, hangedman_vaults_slice, v_misc_2,
          nicolae_vaults_little_ls, nicolae_vaults_circle_grid_b,
          nicolae_vaults_little_squares_1, grunt_vaults_hallway_long, v_misc_31,
          nicolae_vaults_three_branches, v_alt_pattern_3,
          nicolae_vaults_little_squares_4, grunt_vaults_diagonal,
          vaults_room_stairs_pillars, layout_vaults_omnicross, uniq_donald
Vaults:5
Crypt:1:  layout_misc_corridors, grunt_crypt_arrival_guarded_gate, uniq_boris
Crypt:2:  layout_misc_corridors, hangedman_batty
Crypt:3:  lightli_unholy_cathedral, layout_chaotic_city,
          nicolae_tomb_entry_unfolded_pyramid_orthogonal
Depths:1: layout_basic, enter_ziggurat_e, rand_demon_pan_entry_5, hell_entry,
          lemuel_blue_sif_altar, nicolae_shop_unique_rings, grunt_ministairs_4,
          minmay_librarian
Depths:2: cheibrodos_hall_of_evolution, layout_cave_shapes, hell_entry,
          pan_entry, serial_co_window_serial, co_window_paths_a,
          co_window_corner_a, co_window_paths_a, co_window_paths_a,
          co_window_paths_a, co_window_cross_3, co_window_of_opportunity_c,
          co_window_2corner, co_window_corner_b, co_window_corner_ca,
          minmay_room_of_horrors, minmay_misc_feat_x
Depths:3: kennysheep_treasure_stockpile, layout_basic, abyss_entry_flame_altar,
          hell_entry, minmay_misc_feat_nine_boxes, grunt_megastairs_3,
          infiniplex_staircase_zigzag_2, uniq_margery, uniq_grunn
Depths:4: grunt_crosshair, layout_gridlike, abyss_entry_small_statue_room,
          hell_entry, rand_demon_pan_entry_1, grunt_megastairs_2
Hell
Zot:1:    gammafunk_sealed_library, layout_concentric_octagons
Zot:2:    layout_concentric_octagons, grunt_ministairs_11
Zot:3:    layout_misc_corridors, st_small_dragon_hoard_3, lemuel_lake_of_fire
Zot:4:    layout_basic, amethyst_zot_foddershock
Zot:5:    layout_gridville

Notes
Turn   | Place    | Note
-------+----------+-------------------------------------------
     0 | D:1      | LightUpTheStage the Octopode Summoner began the quest for
                  | the Orb.
     0 | D:1      | Reached XP level 1. HP: 11/11 MP: 3/3
   201 | D:1      | Reached XP level 2. HP: 8/17 MP: 0/5
   203 | D:1      | HP: 4/17 [jackal (3)]
   444 | D:1      | You add the spells Kindle Blastsparks, Ignite Poison and
                  | Freezing Cloud to your library.
   558 | D:1      | Reached XP level 3. HP: 21/21 MP: 4/6
   562 | D:1      | Learned a level 3 spell: Call Canine Familiar
   608 | D:1      | Found a faded altar of an unknown god.
   618 | D:1      | Reached skill level 5 in Summonings
  1671 | D:2      | Reached XP level 4. HP: 27/27 MP: 7/7
  2014 | D:2      | Reached skill level 1 in Air Magic
  2417 | D:3      | Found a shadowy altar of Dithmenos.
  2573 | D:3      | You pick up a book of Dangerous Friends and begin
                  | reading...
  2573 | D:3      | You add the spells Orb of Destruction and Spellforged
                  | Servitor to your library.
  2634 | D:3      | Found an opulent altar of Gozag.
  2660 | D:3      | Became a worshipper of Gozag Ym Sagoz the Greedy
  2723 | D:3      | Found a white marble altar of Elyvilon.
  2743 | D:3      | Found a runed translucent door.
  2744 | D:3      | Noticed Oxighum's ghost (amateur TeRe)
  2760 | D:3      | You add the spells Vhi's Electric Charge, Arcjolt and
                  | Maxwell's Capacitive Coupling to your library.
  2977 | D:3      | Learned a level 4 spell: Summon Lightning Spire
  3018 | D:4      | Reached XP level 5. HP: 31/31 MP: 2/8
  3121 | D:4      | Noticed a phantom
  3166 | D:4      | Killed a phantom
  3167 | D:4      | Reached skill level 3 in Spellcasting
  3167 | D:4      | Reached skill level 2 in Air Magic
  3167 | D:4      | Reached XP level 6. HP: 36/36 MP: 3/10
  3196 | D:4      | Found a hazy altar of Hepliaklqana.
  3502 | D:4      | Reached skill level 6 in Summonings
  3505 | D:4      | Reached skill level 3 in Air Magic
  3599 | D:4      | Found an ancient bone altar of Kikubaaqudgha.
  3642 | D:4      | Identified the +1 robe of Linwabigoac {Fly rC- Will+}
  3675 | D:4      | Reached XP level 7. HP: 24/41 MP: 7/12
  3758 | D:4      | Found a staircase to the Ecumenical Temple.
  3767 | Temple   | Entered the Ecumenical Temple
  3924 | D:4      | Reached skill level 4 in Spellcasting
  4077 | D:4      | Found a radiant altar of Vehumet.
  4694 | D:5      | Entered Level 5 of the Dungeon
  4790 | D:5      | Reached skill level 4 in Air Magic
  4948 | D:5      | Reached skill level 1 in Fighting
  4948 | D:5      | Reached skill level 1 in Conjurations
  4948 | D:5      | Reached XP level 8. HP: 48/48 MP: 10/14
  4974 | D:5      | Noticed Eustachio
  4991 | D:5      | Killed Eustachio
  5029 | D:5      | Reached skill level 7 in Summonings
  5236 | D:5      | Found a broken altar of Ashenzari.
  5250 | D:5      | Reached skill level 2 in Conjurations
  5427 | D:5      | Reached skill level 2 in Fighting
  5427 | D:5      | Reached skill level 3 in Dodging
  5662 | D:5      | Noticed a wyvern
  5668 | D:5      | Killed a wyvern
  5669 | D:5      | Reached skill level 5 in Spellcasting
  6303 | D:6      | Reached skill level 5 in Air Magic
  6310 | D:6      | Reached XP level 9. HP: 55/55 MP: 8/16
  6551 | D:6      | Reached skill level 3 in Conjurations
  6580 | D:6      | Found a shimmering altar of Xom.
  6670 | D:6      | Found a glowing silver altar of Zin.
  7128 | D:6      | Reached skill level 3 in Fighting
  7624 | D:7      | Reached skill level 4 in Dodging
  8350 | D:7      | Reached skill level 4 in Conjurations
  8453 | D:7      | Found a burning altar of Makhleb.
  8557 | D:7      | Found a bloodstained altar of Trog.
  8848 | D:8      | Reached skill level 4 in Fighting
  8848 | D:8      | Reached skill level 8 in Summonings
  8857 | D:8      | Reached skill level 6 in Air Magic
  9010 | D:8      | Reached skill level 6 in Spellcasting
  9119 | D:8      | Reached XP level 10. HP: 64/64 MP: 12/19
  9127 | D:8      | Reached skill level 5 in Dodging
  9446 | D:8      | Found an ornate altar of the Wu Jian Council.
  9475 | D:8      | Noticed a two-headed ogre
  9559 | D:8      | Killed a two-headed ogre
  9707 | D:8      | Found a viscous altar of Jiyva.
  9752 | D:8      | Found a transporter.
  9752 | D:8      | Found a transporter.
  9753 | D:8      | Noticed a great orb of eyes
  9970 | D:9      | Reached skill level 5 in Fighting
 10063 | D:9      | Found Juowneosu's Antique Armour Shoppe.
 10078 | D:9      | Found Puiqar's Armour Shoppe.
 10161 | D:9      | Found a snail-covered altar of Cheibriados.
 10208 | D:9      | Found Wyod's Antique Armour Shoppe.
 10459 | D:9      | Found a staircase to the Lair.
 10646 | D:9      | Noticed Prince Ribbit
 10664 | D:9      | Killed Prince Ribbit
 10912 | D:9      | Reached skill level 7 in Air Magic
 10953 | D:10     | Entered Level 10 of the Dungeon
 10962 | D:10     | Reached skill level 6 in Dodging
 10973 | D:10     | Reached skill level 9 in Summonings
 10978 | D:10     | Reached skill level 7 in Spellcasting
 11157 | D:10     | Found a staircase to the Orcish Mines.
 11169 | D:10     | Noticed an unseen horror
 11181 | D:10     | Killed an unseen horror
 11182 | D:10     | Reached XP level 11. HP: 55/72 MP: 15/21
 11246 | D:10     | Found a hide-covered altar of Uskayaw.
 11246 | D:10     | Noticed a brown ugly thing
 11262 | D:10     | Killed a brown ugly thing
 11263 | D:10     | Reached skill level 6 in Fighting
 11483 | D:10     | You add the spells Sticky Flame and Ignition to your
                  | library.
 11861 | D:10     | Reached skill level 7 in Dodging
 12022 | D:11     | Noticed a cyclops
 12030 | D:11     | Killed a cyclops
 12637 | D:11     | Reached skill level 7 in Fighting
 12637 | D:11     | Reached skill level 8 in Spellcasting
 12683 | D:11     | Noticed a two-headed ogre
 12692 | D:11     | Killed a two-headed ogre
 12693 | D:11     | Reached skill level 10 in Summonings
 12779 | D:11     | Found a runed translucent gate.
 12779 | D:11     | Found a runed translucent gate.
 12780 | D:11     | Found a runed translucent gate.
 12781 | D:11     | Noticed Athor's ghost (journeyman FoFi)
 12783 | D:11     | Found a viscous altar of Jiyva.
 12803 | D:11     | Noticed a cyclops
 12813 | D:11     | Killed a cyclops
 13062 | D:11     | Found a portal to a secret trove of treasure.
 13244 | D:11     | This trove needs the horn of Geryon to function. Give it
                  | the item?
 13485 | D:12     | You pick up a book of Minor Magic and begin reading...
 13485 | D:12     | You add the spells Magic Dart and Mephitic Cloud to your
                  | library.
 13490 | D:12     | Found a glowing golden altar of the Shining One.
 13653 | D:12     | Noticed a deep elf pyromancer
 13741 | D:12     | Reached skill level 8 in Dodging
 13966 | D:12     | Killed a deep elf pyromancer
 13967 | D:12     | Reached XP level 12. HP: 53/82 MP: 17/24
 14034 | D:12     | Noticed a two-headed ogre
 14051 | D:12     | Killed a two-headed ogre
 14148 | D:12     | You pick up a book of Frost and begin reading...
 14148 | D:12     | You add the spells Freeze, Frozen Ramparts and Hailstorm to
                  | your library.
 14320 | D:12     | Reached skill level 8 in Fighting
 14730 | D:9      | Noticed a two-headed ogre
 14738 | D:9      | Killed a two-headed ogre
 14869 | Lair:1   | Entered Level 1 of the Lair of Beasts
 15029 | Lair:1   | Noticed Maggie
 15041 | Lair:1   | Killed Maggie
 15042 | Lair:1   | Reached skill level 9 in Spellcasting
 15227 | Lair:1   | You pick up a book of Blasting and begin reading...
 15227 | Lair:1   | You add the spells Fulminant Prism, Iskenderun's Mystic
                  | Blast and Lee's Rapid Deconstruction to your library.
 15587 | Lair:1   | HP: 15/84 [electric eel/bolt of electricity (12)]
 16040 | Lair:1   | Reached skill level 11 in Summonings
 16047 | Lair:1   | Reached skill level 9 in Dodging
 16201 | Lair:1   | Identified the +11 dagger of Shrieking Terror {vorpal, rC+
                  | MP+9 Int+3 Dex+2}
 16849 | Lair:2   | Noticed Harold
 16868 | Lair:2   | Killed Harold
 16956 | Lair:2   | Reached skill level 9 in Fighting
 17047 | Lair:2   | Noticed a six-headed hydra
 17078 | Lair:2   | Killed a six-headed hydra
 17079 | Lair:2   | Reached XP level 13. HP: 90/90 MP: 19/26
 17282 | Lair:2   | Found a hole to the Spider Nest.
 18082 | Lair:3   | You pick up a book of Burglary and begin reading...
 18082 | Lair:3   | You add the spells Passwall, Ensorcelled Hibernation and
                  | Swiftness to your library.
 18138 | Lair:3   | Reached skill level 10 in Dodging
 18138 | Lair:3   | Reached skill level 10 in Spellcasting
 18288 | Lair:3   | You pick up a book of Transfigurations and begin reading...
 18288 | Lair:3   | You add the spells Irradiate, Blade Hands and Dragon Form
                  | to your library.
 18362 | Lair:3   | You pick up a book of the Sky and begin reading...
 18482 | Lair:3   | Reached skill level 1 in Transmutations
 18587 | Lair:3   | Reached skill level 12 in Summonings
 18587 | Lair:3   | Reached skill level 2 in Transmutations
 18669 | Lair:3   | Found a staircase to the Swamp.
 19175 | Lair:4   | Found a hazy altar of Hepliaklqana.
 19205 | Lair:4   | Found the +8 storm bow {elec, penet}
 19221 | Lair:4   | Reached skill level 3 in Transmutations
 19261 | Lair:4   | Reached skill level 10 in Fighting
 19353 | Lair:4   | Reached skill level 4 in Transmutations
 20050 | Lair:4   | Reached skill level 5 in Transmutations
 20458 | Lair:5   | Entered Level 5 of the Lair of Beasts
 20632 | Lair:4   | Reached XP level 14. HP: 67/99 MP: 18/28
 20717 | Lair:4   | Reached skill level 8 in Air Magic
 20800 | Lair:5   | Reached skill level 6 in Transmutations
 20823 | Lair:4   | Reached skill level 11 in Dodging
 21131 | Lair:5   | Reached skill level 7 in Transmutations
 21269 | Lair:5   | Reached skill level 11 in Fighting
 21884 | Lair:5   | Found a runed translucent door.
 21884 | Lair:5   | Found a viscous altar of Jiyva.
 21885 | Lair:5   | Found a staircase to the Slime Pits.
 21930 | Lair:5   | Reached skill level 8 in Transmutations
 22128 | Lair:5   | Reached skill level 9 in Air Magic
 22605 | Orc:1    | Entered Level 1 of the Orcish Mines
 22617 | Orc:1    | Found a transporter.
 22617 | Orc:1    | Found a transporter.
 22617 | Orc:1    | Found a transporter.
 22772 | Orc:1    | Found a sparkling altar of Nemelex Xobeh.
 22772 | Orc:1    | Noticed a juggernaut
 22773 | Orc:1    | Found a transporter.
 22773 | Orc:1    | Found a transporter.
 22777 | Orc:1    | Found a transporter.
 22806 | Orc:2    | Entered Level 2 of the Orcish Mines
 22819 | Orc:2    | Noticed Sonja
 22848 | Orc:2    | Killed Sonja
 22890 | Orc:2    | Noticed Saint Roka
 23575 | Orc:2    | Found Ijus's Weapon Emporium.
 23822 | Orc:2    | Gained mutation: Your magical capacity is low. (-10% MP) [a
                  | neqoxec]
 23862 | Orc:2    | Found Jissit's General Store.
 23866 | Orc:2    | Found Mics's Magic Scroll Shoppe.
 23913 | Orc:2    | Bought a potion of curing for 39 gold pieces
 23913 | Orc:2    | Bought a scroll of blinking for 97 gold pieces
 23915 | Orc:2    | Bought a scroll of butterflies for 64 gold pieces
 23915 | Orc:2    | Bought a scroll of fog for 64 gold pieces
 23915 | Orc:2    | Bought a scroll of teleportation for 48 gold pieces
 23915 | Orc:2    | Bought a scroll of magic mapping for 120 gold pieces
 24153 | Orc:2    | Reached skill level 9 in Transmutations
 24303 | Orc:2    | Found a staircase to the Elven Halls.
 24639 | Orc:2    | Killed Saint Roka
 24804 | Orc:2    | Reached skill level 12 in Dodging
 24804 | Orc:2    | Reached XP level 15. HP: 78/107 MP: 21/26
 25426 | Orc:2    | Reached skill level 10 in Transmutations
 25492 | Orc:2    | Reached skill level 12 in Fighting
 25658 | Orc:2    | Found Iwesoyl's Book Shop.
 25658 | Orc:2    | Found Qapleharue's Antique Weapon Boutique.
 25664 | Orc:2    | Reached skill level 10 in Air Magic
 25688 | Orc:2    | Found a one-way gate leading to the halls of Pandemonium.
 25916 | D:13     | Noticed Rupert
 25916 | D:13     | Noticed Urug
 25916 | D:13     | Found a gate to the Vaults.
 26080 | D:12     | Killed Urug
 26125 | D:12     | a +1 double sword {rare}; 6 javelins; a +0 scale mail
 26137 | D:12     | a +1 double sword {rare}; 6 javelins; a +0 scale mail
 26192 | D:12     | a +1 double sword {rare}; 6 javelins; a +0 scale mail
 26703 | D:13     | Paralysed by Rupert for 2 turns
 26705 | D:13     | Killed Rupert
 26706 | D:13     | Reached skill level 11 in Transmutations
 26856 | D:13     | Noticed Nessos
 26866 | D:13     | Killed Nessos
 27135 | D:13     | You pick up a book of Party Tricks and begin reading...
 27135 | D:13     | You add the spells Apportation and Alistair's Intoxication
                  | to your library.
 27266 | D:13     | You pick up a book of Decay and begin reading...
 27266 | D:13     | You add the spells Cigotuvi's Dreadful Rot, Dispel Undead
                  | and Death Channel to your library.
 27697 | D:13     | Found a runed translucent door.
 28273 | D:14     | Noticed MackTheKnife's ghost (journeyman SpHs)
 28276 | D:14     | Found a runed translucent door.
 28817 | D:14     | Found a blossoming altar of Fedhas.
 29298 | D:14     | Reached skill level 12 in Transmutations
 29460 | D:15     | Entered Level 15 of the Dungeon
 29474 | D:15     | Reached skill level 11 in Air Magic
 29886 | D:15     | Noticed Jorgrun
 29941 | D:15     | Killed Jorgrun
 30035 | D:15     | You pick up a book of Flames and begin reading...
 30035 | D:15     | You add the spells Inner Flame and Flame Wave to your
                  | library.
 30179 | D:15     | Reached XP level 16. HP: 104/114 MP: 20/27
 30537 | D:15     | Noticed Louise
 30597 | D:15     | Killed Louise
 30735 | D:15     | a +5 eveningstar of draining {rare}; a +2 chain mail of
                  | fire resistance
 30927 | D:15     | Reached skill level 13 in Transmutations
 30948 | D:15     | Found a staircase to the Depths.
 31063 | D:15     | a +5 eveningstar of draining {rare}; a +2 chain mail of
                  | fire resistance
 31315 | D:10     | Learned a level 7 spell: Storm Form
 31317 | D:10     | Bought a scroll of amnesia for 68 gold pieces
 31317 | D:10     | Bought a scroll of amnesia for 68 gold pieces
 31322 | D:10     | Bought the ring "Keimaky" {rPois EV+4 Str+2} for 873 gold
                  | pieces
 31568 | Swamp:1  | Entered Level 1 of the Swamp
 32411 | Swamp:1  | Identified a potion of experience
 32412 | Swamp:1  | Reached skill level 5 in Unarmed Combat
 32412 | Swamp:1  | Reached XP level 17. HP: 119/119 MP: 27/27
 32827 | Swamp:1  | You pick up a book of Storms and begin reading...
 32827 | Swamp:1  | You add the spells Airstrike and Lightning Bolt to your
                  | library.
 33025 | Swamp:2  | Reached skill level 12 in Air Magic
 33212 | Swamp:2  | You pick up a book of Death and begin reading...
 33212 | Swamp:2  | You add the spells Haunt and Infestation to your library.
 33252 | Swamp:2  | Reached skill level 14 in Transmutations
 33762 | Swamp:2  | You pick up a book of Spatial Translocations and begin
                  | reading...
 33762 | Swamp:2  | You add the spells Blink, Momentum Strike and Lesser
                  | Beckoning to your library.
 35261 | Spider:1 | Entered Level 1 of the Spider Nest
 35379 | Spider:1 | Reached skill level 15 in Transmutations
 36072 | Spider:1 | You pick up a book of the Earth and begin reading...
 36072 | Spider:1 | You add the spells Leda's Liquefaction and Statue Form to
                  | your library.
 36445 | Spider:1 | Reached skill level 13 in Air Magic
 36648 | Spider:1 | Noticed an acid blob
 36657 | Spider:1 | Killed an acid blob
 37227 | Spider:2 | Reached XP level 18. HP: 120/126 MP: 16/28
 37233 | Spider:2 | Reached skill level 16 in Transmutations
 37288 | Spider:2 | Reached skill level 14 in Air Magic
 39135 | Spider:3 | Reached skill level 15 in Air Magic
 39916 | Spider:4 | Entered Level 4 of the Spider Nest
 39916 | Spider:4 | Noticed Mara
 39920 | Spider:4 | Noticed Agnes
 39928 | Spider:4 | Noticed LightUpTheStage's illusion
 39932 | Spider:3 | Killed Agnes
 40112 | Spider:4 | Noticed LightUpTheStage's illusion
 40559 | Swamp:4  | Entered Level 4 of the Swamp
 40833 | Swamp:4  | Reached skill level 16 in Air Magic
 41237 | Swamp:4  | Reached skill level 6 in Unarmed Combat
 41714 | Swamp:4  | Paralysed by a great orb of eyes for 3 turns
 41803 | Swamp:4  | Got a decaying rune of Zot
 41862 | Swamp:4  | Reached XP level 19. HP: 129/133 MP: 15/29
 42207 | Lair:2   | Learned a level 4 spell: Leda's Liquefaction
 42412 | Spider:3 | Reached skill level 7 in Unarmed Combat
 42591 | Spider:4 | Reached skill level 1 in Hexes
 42591 | Spider:4 | Reached skill level 1 in Necromancy
 42594 | Spider:4 | Noticed LightUpTheStage's illusion
 42748 | Spider:4 | Noticed LightUpTheStage's illusion
 42760 | Spider:4 | Killed Mara
 42761 | Spider:4 | Reached skill level 2 in Hexes
 42761 | Spider:4 | Reached skill level 2 in Necromancy
 42875 | Spider:4 | Reached skill level 3 in Hexes
 43038 | Spider:4 | Reached skill level 3 in Necromancy
 43087 | Spider:4 | Reached skill level 13 in Fighting
 43090 | Spider:4 | Reached skill level 13 in Dodging
 43307 | Spider:4 | Reached skill level 4 in Hexes
 43730 | Spider:4 | Reached skill level 4 in Necromancy
 44110 | Spider:4 | Got a gossamer rune of Zot
 44679 | Elf:1    | Entered Level 1 of the Elven Halls
 44793 | Elf:1    | HP: 25/134 [deep elf archer/arrow (19)]
 44794 | Elf:1    | HP: 11/134 [deep elf knight/+1 long sword of distortion
                  | (24)]
 44997 | Elf:1    | Reached skill level 5 in Hexes
 45099 | Elf:1    | Found Kimu Zoe's Magic Scroll Emporium.
 45104 | Elf:1    | Bought a scroll of blinking for 127 gold pieces
 45104 | Elf:1    | Bought a scroll of blinking for 127 gold pieces
 45104 | Elf:1    | Bought a scroll of fear for 68 gold pieces
 45137 | Elf:1    | Reached skill level 5 in Necromancy
 45144 | Elf:1    | Reached skill level 8 in Unarmed Combat
 45285 | Elf:1    | You pick up a book of the Warp and begin reading...
 45285 | Elf:1    | You add the spells Manifold Assault, Dispersal and
                  | Disjunction to your library.
 45353 | Elf:1    | Noticed Nikola
 45362 | Elf:1    | Killed Nikola
 45608 | Elf:1    | You are cast into the Abyss!
 45608 | Abyss:3  | Cast into level 3 of the Abyss (deep elf knight)
 45752 | Abyss:3  | Found a corrupted altar of Lugonu.
 45752 | Abyss:3  | Found a corrupted altar of Lugonu.
 45780 | Abyss:3  | Reached skill level 6 in Necromancy
 45804 | Abyss:3  | Gained mutation: You do not regenerate when monsters are
                  | visible. [a neqoxec]
 45830 | Abyss:3  | Paralysed by accursed screaming for 1 turns
 45867 | Abyss:3  | Got an abyssal rune of Zot
 45882 | Elf:1    | You pass through the gate.
 45882 | Elf:1    | Escaped the Abyss
 46393 | Elf:1    | Reached XP level 20. HP: 100/141 MP: 15/30
 46712 | Elf:1    | Learned a level 4 spell: Manifold Assault
 46719 | Elf:1    | Learned a level 6 spell: Death Channel
 46728 | Elf:1    | Learned a level 8 spell: Ignition
 46762 | Elf:1    | Reached skill level 7 in Necromancy
 46888 | Elf:1    | Lost mutation: You do not regenerate when monsters are
                  | visible. [potion of mutation]
 46888 | Elf:1    | Lost mutation: Your magical capacity is low. (-10% MP)
                  | [potion of mutation]
 46888 | Elf:1    | Gained mutation: You are covered in fur. (AC +1) [potion of
                  | mutation]
 46888 | Elf:1    | Gained mutation: You are agile. (Dex +4, Str/Int -1)
                  | [potion of mutation]
 46888 | Elf:1    | Gained mutation: You have hidden genetic defects. [potion
                  | of mutation]
 46889 | Elf:1    | Lost mutation: You are agile. (Dex +4, Str/Int -1) [potion
                  | of mutation]
 46889 | Elf:1    | Lost mutation: You are covered in fur. (AC +1) [potion of
                  | mutation]
 46889 | Elf:1    | Gained mutation: You are partially covered in iridescent
                  | scales. (AC +2) [potion of mutation]
 46889 | Elf:1    | Gained mutation: You are occasionally teleported next to
                  | monsters. [potion of mutation]
 46889 | Elf:1    | Gained mutation: One of your tentacles bears a spike.
                  | [potion of mutation]
 46890 | Elf:1    | Lost mutation: One of your tentacles bears a spike. [potion
                  | of mutation]
 46890 | Elf:1    | Lost mutation: You are occasionally teleported next to
                  | monsters. [potion of mutation]
 46890 | Elf:1    | Gained mutation: You are strong-willed. (Will+) [potion of
                  | mutation]
 46890 | Elf:1    | Gained mutation: You are vulnerable to heat. (rF-) [potion
                  | of mutation]
 46890 | Elf:1    | Gained mutation: You are mostly covered in iridescent
                  | scales. (AC +4) [potion of mutation]
 46890 | Elf:1    | Gained mutation: Your natural rate of healing is unusually
                  | fast. [potion of mutation]
 46891 | Elf:1    | Lost mutation: You are mostly covered in iridescent scales.
                  | (AC +4) [potion of mutation]
 46891 | Elf:1    | Lost mutation: You are vulnerable to heat. (rF-) [potion of
                  | mutation]
 46891 | Elf:1    | Gained mutation: You are agile. (Dex +4, Str/Int -1)
                  | [potion of mutation]
 46891 | Elf:1    | Gained mutation: Your mind is acute. (Int +4, Str/Dex -1)
                  | [potion of mutation]
 46907 | Elf:1    | Bought a scroll of amnesia for 80 gold pieces
 47116 | Elf:2    | Reached skill level 9 in Unarmed Combat
 47280 | Elf:2    | Reached skill level 14 in Dodging
 47298 | Elf:2    | Paralysed by an air elemental for 1 turns
 47310 | Elf:2    | Reached skill level 14 in Fighting
 47393 | Elf:2    | Gained mutation: You occasionally shout uncontrollably at
                  | your foes. [hidden defects]
 47633 | Elf:2    | Found a runed translucent gate.
 47633 | Elf:2    | Found a runed translucent gate.
 47636 | Elf:2    | Reached skill level 10 in Unarmed Combat
 47636 | Elf:2    | Found a runed translucent gate.
 47737 | Elf:2    | Gained mutation: You occasionally lose the ability to drink
                  | potions when taking damage. [hidden defects]
 47737 | Elf:2    | Lost mutation: You have hidden genetic defects. [hidden
                  | defects expressed]
 48760 | D:3      | Killed Oxighum's ghost
 49010 | D:8      | You pick up a book of Ice and begin reading...
 49164 | D:11     | Killed Athor's ghost
 49243 | D:12     | a +0 scale mail; 6 javelins; a +1 double sword {rare}
 49353 | D:14     | Killed MackTheKnife's ghost
 49969 | Vaults:1 | Entered Level 1 of the Vaults
 49986 | Vaults:1 | Found Leakig's Weapon Shoppe.
 50125 | Vaults:1 | Reached skill level 15 in Dodging
 50312 | Vaults:1 | You pick up a book of the Hunter and begin reading...
 50425 | Vaults:1 | Reached skill level 15 in Fighting
 50440 | Vaults:1 | Reached skill level 11 in Unarmed Combat
 50491 | Vaults:1 | Reached XP level 21. HP: 108/151 MP: 21/35
 50521 | Vaults:1 | Identified a scroll of acquirement
 50641 | Vaults:1 | You pick up a book of Dreams and begin reading...
 50641 | Vaults:1 | You add the spells Spider Form and Anguish to your library.
 50808 | Vaults:1 | Identified the +11 arbalest "Leiplaeven" {flame, rC+ rN+
                  | Will+ Int+3}
 51252 | Vaults:1 | Reached skill level 12 in Unarmed Combat
 51510 | Vaults:1 | You pick up a book of Armaments and begin reading...
 51510 | Vaults:1 | You add the spells Stone Arrow and Lehudib's Crystal Spear
                  | to your library.
 51618 | Vaults:1 | Learned a level 2 spell: Blink
 51759 | Vaults:2 | Reached skill level 1 in Fire Magic
 51855 | Vaults:2 | You add the spells Borgnjor's Revivification, Necromutation
                  | and Death's Door to your library.
 52065 | Vaults:2 | Reached skill level 2 in Fire Magic
 52293 | Vaults:2 | Noticed Frederick
 52302 | Vaults:2 | Killed Frederick
 52304 | Vaults:2 | 9 gold pieces; a +6 eveningstar {rare}; a +0 chain mail of
                  | cold resistance
 52306 | Vaults:2 | 9 gold pieces; a +6 eveningstar {rare}; a +0 chain mail of
                  | cold resistance
 52345 | Vaults:2 | a +6 eveningstar {rare}; a +0 chain mail of cold resistance
 52368 | Vaults:2 | You pick up a book of the Tundra and begin reading...
 52538 | Vaults:2 | Reached skill level 3 in Fire Magic
 52611 | Vaults:2 | Reached skill level 13 in Unarmed Combat
 52647 | Vaults:2 | Found a staircase to the Crypt.
 53111 | Vaults:2 | a +6 eveningstar {rare}; a +0 chain mail of cold resistance
 53170 | Vaults:3 | Found Axzied's Jewellery Shoppe.
 53200 | Vaults:3 | Reached skill level 16 in Dodging
 53217 | Vaults:3 | Identified the +1 robe "Qiwell" {rF+ rN+ Will+ Dex+4}
 53252 | Vaults:3 | Reached skill level 8 in Necromancy
 53264 | Vaults:3 | Found a flickering gateway to a bazaar.
 53270 | Bazaar   | Entered a bazaar
 53293 | Bazaar   | Found Miukk's Book Shoppe.
 53298 | Bazaar   | Found Jouq's Assorted Antiques.
 53302 | Bazaar   | Found Werire's Antique Weapon Shoppe.
 53312 | Bazaar   | Found Ifoud's Jewellery Emporium.
 53316 | Bazaar   | Found Haej's Assorted Antiques.
 53326 | Bazaar   | Bought a scroll of blinking for 165 gold pieces
 53326 | Bazaar   | Bought a scroll of teleportation for 66 gold pieces
 53326 | Bazaar   | Bought a scroll of butterflies for 88 gold pieces
 53390 | Vaults:3 | Noticed Sojobo
 53403 | Vaults:3 | Reached skill level 16 in Fighting
 53407 | Vaults:3 | Killed Sojobo
 53409 | Vaults:3 | a +3 triple sword of electrocution {rare}; a +1 scale mail
                  | of willpower; a +3 arbalest
 53477 | Vaults:3 | Reached XP level 22. HP: 136/160 MP: 29/36
 53681 | Vaults:3 | Reached skill level 4 in Fire Magic
 53731 | Vaults:3 | Noticed Aizul
 53742 | Vaults:3 | Killed Aizul
 53848 | Vaults:3 | Found Cocvufai's Armour Emporium.
 54339 | Vaults:3 | Found Koemeuqu's Book Shoppe.
 54430 | Vaults:3 | Reached skill level 14 in Unarmed Combat
 54436 | Vaults:3 | Reached skill level 11 in Spellcasting
 54648 | Vaults:3 | Reached skill level 5 in Fire Magic
 55523 | Vaults:4 | Reached skill level 9 in Necromancy
 56004 | Vaults:4 | Noticed Donald
 56009 | Vaults:4 | Killed Donald
 56056 | Vaults:4 | a +3 eveningstar of draining {rare}; a +0 plate armour; a
                  | +0 kite shield of reflection
 56057 | Vaults:4 | a +3 eveningstar of draining {rare}; a +0 plate armour; a
                  | +0 kite shield of reflection
 56064 | Vaults:4 | a +3 eveningstar of draining {rare}; a +0 plate armour; a
                  | +0 kite shield of reflection
 56088 | Vaults:4 | a +3 eveningstar of draining {rare}; a +0 plate armour; a
                  | +0 kite shield of reflection
 56616 | Depths:1 | Entered Level 1 of the Depths
 56756 | Depths:1 | Reached skill level 6 in Fire Magic
 56925 | Depths:1 | Reached XP level 23. HP: 167/167 MP: 31/38
 56980 | Depths:1 | Reached skill level 15 in Unarmed Combat
 57120 | Depths:1 | You pick up a book of Sloth and begin reading...
 57120 | Depths:1 | You add the spells Petrify and Metabolic Englaciation to
                  | your library.
 57123 | Depths:1 | You pick up a book of Blood and begin reading...
 57123 | Depths:1 | You add the spells Sublimation of Blood, Wereblood and
                  | Summon Hydra to your library.
 57461 | Depths:1 | Found a gateway to Hell.
 57492 | Depths:1 | Found Tuyvuef's One-of-a-Kind Rings.
 57508 | Depths:1 | Found a one-way gateway to a ziggurat.
 57610 | Depths:1 | Found a shimmering blue altar of Sif Muna.
 57614 | Depths:1 | Learned a level 2 spell: Wereblood
 57997 | Depths:2 | You pick up a book of Maledictions and begin reading...
 58073 | Depths:2 | a +3 quick blade of flaming {rare}; a +0 robe
 58077 | Depths:2 | a +3 quick blade of flaming {rare}; a +0 robe
 58439 | Depths:2 | You are cast into the Abyss!
 58439 | Abyss:3  | Cast into level 3 of the Abyss (spriggan defender)
 58502 | Depths:2 | You pass through the gate.
 58502 | Depths:2 | Escaped the Abyss
 58559 | Depths:2 | Noticed a juggernaut
 58567 | Depths:2 | Killed a juggernaut
 58663 | Depths:2 | a +0 robe; a +3 quick blade of flaming {rare}
 58717 | Depths:2 | You pick up a book of Weapons and begin reading...
 58918 | Depths:2 | a +0 robe; a +3 quick blade of flaming {rare}
 58974 | Depths:2 | Reached skill level 10 in Necromancy
 58974 | Depths:2 | Reached skill level 7 in Fire Magic
 59079 | Depths:2 | Found a one-way gate to the infinite horrors of the Abyss.
 59093 | Depths:2 | Reached skill level 17 in Dodging
 59235 | Depths:2 | a +0 robe; a +3 quick blade of flaming {rare}
 59283 | Depths:3 | Reached skill level 17 in Fighting
 59291 | Depths:3 | Reached skill level 12 in Spellcasting
 59495 | Depths:3 | Noticed Grunn
 59511 | Depths:3 | Reached skill level 16 in Unarmed Combat
 59511 | Depths:3 | Killed Grunn
 59668 | Depths:3 | Found a corrupted altar of Lugonu.
 59919 | Depths:3 | You pick up a book of Rime and begin reading...
 60097 | Depths:3 | Reached skill level 8 in Fire Magic
 60110 | Depths:3 | HP: 39/169 [living spell/divine providence[a walking divine
                  | tome] (15)]
 60110 | Depths:3 | HP: 18/169 [living spell/divine providence[a walking divine
                  | tome] (10)]
 60259 | Depths:3 | Found a runed translucent gate.
 60259 | Depths:3 | Found a runed translucent gate.
 60259 | Depths:3 | Found a runed translucent gate.
 60349 | Depths:3 | Found a runed translucent gate.
 60349 | Depths:3 | Found a runed translucent gate.
 60349 | Depths:3 | Found a runed translucent gate.
 60805 | Depths:3 | Reached XP level 24. HP: 161/175 MP: 8/39
 61252 | Depths:4 | Entered Level 4 of the Depths
 61545 | Depths:4 | Found a gate to the Realm of Zot.
 61741 | Depths:4 | Reached skill level 17 in Unarmed Combat
 61825 | Depths:4 | You pick up a book of Chaos and begin reading...
 61825 | Depths:4 | You add the spells Conjure Ball Lightning and Discord to
                  | your library.
 62065 | Depths:4 | Reached skill level 9 in Fire Magic
 62166 | Depths:4 | Noticed a juggernaut
 62179 | Depths:4 | Killed a juggernaut
 62956 | Orc:1    | Killed a juggernaut
 63358 | Elf:3    | Entered Level 3 of the Elven Halls
 63422 | Elf:3    | Reached skill level 13 in Spellcasting
 63815 | Elf:3    | Found Intet's Jewellery Shoppe.
 63818 | Elf:3    | Found Walu's Book Boutique.
 63819 | Elf:3    | Found Yzoig's Jewellery Shoppe.
 64527 | Elf:3    | Identified the +12 falchion "Posown" {vorpal, rF+ Int+3}
 64529 | Elf:3    | Reached skill level 18 in Dodging
 64541 | Elf:3    | Reached skill level 18 in Fighting
 64552 | Elf:3    | Reached skill level 18 in Unarmed Combat
 64579 | Elf:3    | a deep elf demonologist comes into view. It is wielding a
                  | +0 rapier and wearing the +3 robe of Clouds {*Thunder
                  | rCloud rElec}.
 64581 | Elf:3    | Identified the ring of Cexyntou {Fly rElec rC++ Will-
                  | Dex+3}
 64585 | Elf:3    | Reached XP level 25. HP: 151/183 MP: 40/40
 64585 | Elf:3    | Identified the +11 morningstar of the Apocalypse {venom,
                  | rF+ rN+}
 64647 | Elf:3    | a +2 bardiche of venom; a +0 shortbow; +2 shadow dragon
                  | scales {rare}
 64650 | Elf:3    | Found the +3 pair of mountain boots {steadfast, rC+}
 64652 | Elf:3    | You pick up a book of Lightning and begin reading...
 64660 | Elf:3    | Identified the amulet "Rarphyntu" {Reflect rF+ rC- Dex+3
                  | SH+5}
 64679 | Elf:3    | You add the spells Gell's Gravitas and Teleport Other to
                  | your library.
 64686 | Elf:3    | Identified the amulet of Heresy {Spirit *Corrode rN+ Int+4
                  | Dex+5}
 65043 | Lair:1   | Acquired 700 gold pieces
 65140 | Slime:1  | Entered Level 1 of the Pits of Slime
 65154 | Slime:1  | Reached skill level 10 in Fire Magic
 65362 | Slime:1  | You are sucked into a shaft and drop 1 floor!
 65966 | Slime:1  | Found a viscous altar of Jiyva.
 67946 | Slime:5  | Entered Level 5 of the Pits of Slime
 67981 | Slime:5  | Noticed the Royal Jelly
 67992 | Slime:5  | Killed the Royal Jelly
 68049 | Slime:5  | Got the Catalogue of the Deathly Jaunt
 68057 | Slime:5  | Identified the +0 shortbow of Compound Interest {drain,
                  | rCorr Int+2}
 68060 | Slime:5  | Got the Compendium of Conduction and Ice
 68159 | Slime:5  | Got a slimy rune of Zot
 68175 | Slime:5  | Identified the ring of Jyucsoej {rPois rF+ Str+3 Int-4}
 68208 | Slime:5  | Identified the ring of Fiufilua {rElec rPois rC- Will+
                  | SInv}
 68223 | Slime:5  | Identified the ring of Ignis's Pride {Wiz rElec Will+}
 68338 | Slime:5  | Reached skill level 19 in Unarmed Combat
 69287 | D:10     | Bought the ring of Incredulity {Str+4 Int+5 Dex-2 Slay+2
                  | SInv} for 811 gold pieces
 69290 | D:10     | Bought the amulet "Deocuv" {RegenMP Rampage rF- Str+3} for
                  | 617 gold pieces
 69290 | D:10     | Bought the ring "Lysybbum" {Will++ EV+4 Dex+5} for 1147
                  | gold pieces
 69293 | D:10     | Bought the ring "Woymnulu" {rPois rF+ Dex+3} for 644 gold
                  | pieces
 69748 | Elf:3    | Bought the ring "Ohosoorgh" {rC+ rCorr Str+2 Stlth+} for
                  | 738 gold pieces
 70210 | Vaults:5 | Entered Level 5 of the Vaults
 70226 | Vaults:5 | Reached skill level 11 in Fire Magic
 70240 | Vaults:5 | Reached skill level 14 in Spellcasting
 70277 | Vaults:5 | Identified the ring of Rist {EV+4 Dex+3 Stlth+}
 70291 | Vaults:5 | Reached XP level 26. HP: 191/191 MP: 41/41
 70320 | Vaults:5 | Reached skill level 12 in Fire Magic
 70588 | Vaults:5 | Reached skill level 19 in Dodging
 70690 | Vaults:5 | Noticed an ancient lich
 70699 | Vaults:5 | Killed an ancient lich
 70736 | Vaults:5 | Noticed a dread lich
 70746 | Vaults:5 | Killed a dread lich
 70752 | Vaults:5 | Reached skill level 19 in Fighting
 70818 | Vaults:5 | Identified the ring "Obbixtevyv" {Fire rPois Str-3 Dex+6}
 70915 | Vaults:5 | Identified the +6 great sword of Meczaif {freeze, rN+
                  | Stlth+}
 70915 | Vaults:5 | Identified the amulet of Kiacaxko {Faith Dex+3}
 70972 | Vaults:5 | Got the Codex of Ensorcelling
 70984 | Vaults:5 | You pick up a book of Spectacle and begin reading...
 70984 | Vaults:5 | You add the spells Dazzling Flash and Starburst to your
                  | library.
 71029 | Vaults:5 | Acquired 931 gold pieces
 71228 | Vaults:5 | Reached skill level 20 in Unarmed Combat
 71281 | Vaults:5 | Got the Verses on the Snowflakes and Ensorcelling
 71618 | Vaults:5 | Reached skill level 13 in Fire Magic
 72012 | Vaults:5 | Got a silver rune of Zot
 72349 | Hell     | Entered the Vestibule of Hell
 72349 | Hell     | Noticed Geryon
 72413 | Hell     | Killed Geryon
 72514 | Hell     | Found a gateway to the freezing wastes of Cocytus.
 72932 | Hell     | Found a gateway to the Iron City of Dis.
 72982 | Hell     | Found a gateway to the ashen valley of Gehenna.
 72989 | Hell     | Reached skill level 14 in Fire Magic
 73106 | Hell     | Found a gateway to the decaying netherworld of Tartarus.
 73434 | D:11     | This trove needs the horn of Geryon to function. Give it
                  | the item?
 73434 | D:11     | You paid a toll of the horn of Geryon to enter a treasure
                  | trove
 73435 | Trove    | Entered a treasure trove
 73437 | Trove    | Found the amulet of the Air {Inacc Air Fly rElec RMsl}
 73441 | Trove    | Identified the ring of Dim Light {AC+4 Slay+5}
 73443 | Trove    | Identified the ring "Ariahawn" {EV+4 Int+2}
 73448 | Trove    | Identified the ring of Gaseel {rN+ Will+}
 73449 | Trove    | Identified the ring "Diepua" {rF+ rC+ Int+5}
 73450 | Trove    | Identified the ring of Ihubris {rPois rN++ Str-4 Dex+4}
 73452 | Trove    | Identified the ring of Ameyxet {rElec Str-5 Int+6 Dex-3
                  | Stlth+}
 73690 | Crypt:1  | Entered Level 1 of the Crypt
 73802 | Crypt:1  | Noticed Boris
 73818 | Crypt:1  | Killed Boris
 73819 | Crypt:1  | Reached XP level 27. HP: 173/199 MP: 19/41
 74346 | Crypt:1  | Noticed a curse skull
 74355 | Crypt:1  | Killed a curse skull
 74689 | Crypt:1  | Learned a level 7 spell: Haunt
 74801 | Crypt:2  | Reached skill level 21 in Unarmed Combat
 74870 | Crypt:2  | Identified the +8 sling "Haeg" {flame, rPois}
 75259 | Crypt:2  | Reached skill level 15 in Fire Magic
 75830 | Crypt:3  | Entered Level 3 of the Crypt
 75868 | Crypt:3  | Reached skill level 20 in Dodging
 76115 | Crypt:3  | Reached skill level 20 in Fighting
 76184 | Crypt:3  | Reached skill level 16 in Fire Magic
 76640 | Crypt:3  | Found a staircase to the Tomb.
 76765 | Crypt:3  | Noticed Boris
 76776 | Crypt:3  | Killed Boris
 76821 | Crypt:3  | Identified the +0 robe of Learuts {rElec rN+ Dex+2}
 77059 | Crypt:3  | Found an ancient bone altar of Kikubaaqudgha.
 77117 | Crypt:3  | Found a basalt altar of Yredelemnul.
 77146 | Crypt:3  | Found the +8 demon blade "Leech" {vamp, Harm Drain rN+}
 77155 | Crypt:3  | Identified the +8 glaive of Awkwardness {freeze, Int+3
                  | Dex+2 SInv}
 77209 | Crypt:3  | You pick up a book of Conjurations and begin reading...
 77535 | Depths:1 | Lost mutation: You are strong-willed. (Will+) [potion of
                  | mutation]
 77535 | Depths:1 | Lost mutation: Your mind is acute. (Int +4, Str/Dex -1)
                  | [potion of mutation]
 77535 | Depths:1 | Gained mutation: You have a beak for a mouth. [potion of
                  | mutation]
 77535 | Depths:1 | Gained mutation: Your magical capacity is low. (-10% MP)
                  | [potion of mutation]
 77535 | Depths:1 | Lost mutation: Your natural rate of healing is unusually
                  | fast. [potion of mutation]
 77930 | Zot:1    | Entered Level 1 of the Realm of Zot
 78355 | Zot:1    | Noticed an ancient lich
 78470 | Zot:1    | Killed an orb of fire
 78476 | Zot:1    | Found a shimmering blue altar of Sif Muna.
 78478 | Zot:1    | Killed an ancient lich
 78481 | Zot:1    | Found a transporter.
 79965 | Zot:3    | Reached skill level 21 in Dodging
 79982 | Zot:3    | Noticed an orb of fire
 79989 | Zot:3    | Noticed an orb of fire
 80044 | Zot:3    | Noticed an electric golem
 80053 | Zot:3    | Killed an electric golem
 80054 | Zot:3    | Reached skill level 21 in Fighting
 80493 | Zot:3    | Noticed an orb of fire
 80704 | Zot:4    | Noticed an orb of fire
 81001 | Zot:4    | Noticed an electric golem
 81004 | Zot:4    | Noticed an electric golem
 81012 | Zot:4    | Killed an electric golem
 81053 | Zot:4    | Killed an electric golem
 81481 | Zot:5    | Entered Level 5 of the Realm of Zot
 81794 | Zot:5    | Noticed an ancient lich
 81794 | Zot:5    | Noticed an orb of fire
 81798 | Zot:5    | Noticed a dread lich
 81801 | Zot:5    | Gained mutation: Your spells are a little easier to cast,
                  | but a little less powerful. [an orb of fire]
 81803 | Zot:5    | Killed an orb of fire
 81804 | Zot:5    | Noticed an ancient lich
 81804 | Zot:5    | Noticed an orb of fire
 81806 | Zot:5    | Killed an ancient lich
 81808 | Zot:5    | Killed a dread lich
 81816 | Zot:5    | Killed an orb of fire
 81818 | Zot:5    | Killed an ancient lich
 81818 | Zot:5    | Noticed a dread lich
 81818 | Zot:5    | Noticed an orb of fire
 81819 | Zot:5    | Noticed an electric golem
 81823 | Zot:5    | Killed a dread lich
 81823 | Zot:5    | Killed an electric golem
 81824 | Zot:5    | Killed an orb of fire
 81836 | Zot:5    | Killed an ancient lich
 81977 | Zot:5    | Reached skill level 17 in Transmutations
 81977 | Zot:5    | Reached skill level 17 in Air Magic
 81980 | Zot:5    | Gained mutation: Your spells are easier to cast, but less
                  | powerful. [mutagenic glow]
 81982 | Zot:5    | Noticed a dread lich
 81987 | Zot:5    | Noticed an ancient lich
 81988 | Zot:5    | Killed a dread lich
 81988 | Zot:5    | Noticed an electric golem
 81989 | Zot:5    | Noticed a dread lich
 81990 | Zot:5    | Noticed an orb of fire
 81991 | Zot:5    | Killed an ancient lich
 81992 | Zot:5    | Noticed an ancient lich
 81993 | Zot:5    | Killed an electric golem
 81996 | Zot:5    | Killed a dread lich
 81997 | Zot:5    | Killed an ancient lich
 82014 | Zot:5    | Gained mutation: You are dopey. (Int -2) [an orb of fire]
 82017 | Zot:5    | Killed an orb of fire
 82301 | Zot:5    | You pick up a book of Geomancy and begin reading...
 82628 | Zot:5    | Got the Orb of Zot
 83088 | Depths:3 | HP: 50/206 [??? (31)]
 83112 | Depths:3 | HP: 42/206 [hellion/damnation (16)]
 83154 | Depths:3 | Fell from the grace of Gozag
 83154 | Depths:3 | Became a worshipper of Lugonu the Unformed
 83154 | Depths:3 | Reached * piety under Lugonu
 83683 | D:$      | Escaped with the Orb!

Vanquished Creatures
  the Royal Jelly (Slime:5)
  3 orbs of fire (Zot:5)
  An ancient lich (Vaults:5)
  2 dread liches
  3 juggernauts
  Boris (twice) (Crypt:1 Crypt:3)
  Sojobo (Vaults:3)
  Frederick (Vaults:2)
  Geryon (Hell)
  2 profane servitors (Crypt:3)
  Nikola (Elf:1)
  4 golden dragons
  A Brimstone Fiend (Depths:3)
  3 doom hounds (Depths:3)
  2 bone dragons
  3 Tzitzimimeh
  3 electric golems
  5 liches
  A tainted leviathan (Hell)
  3 tentacled monstrosities
  3 titans
  2 walking frostbound tomes (Depths:3)
  A deep elf blademaster (Elf:3)
  2 quicksilver dragons
  A walking divine tome (Depths:3)
  A deep elf master archer (Elf:3)
  19 acid blobs
  5 Orb Guardians
  8 sphinxes
  11 ancient champions
  4 revenants
  7 tengu reavers
  A thorn hunter (Swamp:3)
  4 shadow dragons
  7 fire giants
  Donald (Vaults:4)
  8 azure jellies
  6 storm dragons
  19 vault wardens
  4 rockslimes
  3 iron dragons
  Aizul (Vaults:3)
  3 ghost moths
  An emperor scorpion (shapeshifter) (Vaults:5)
  2 draconian scorchers (Depths:4)
  4 frost giants
  An emperor scorpion (Spider:4)
  A balrug (Hell)
  2 cacodemons
  5 deep elf sorcerers
  3 caustic shrike zombies
  4 ghouls
  A curse skull (Crypt:1)
  A draconian stormcaller (Zot:1)
  3 deep elf elementalists (Elf:3)
  The ghost of MackTheKnife the Eclecticist, a journeyman SpHs of Ashenzari (D:14)
  A war gargoyle (Hell)
  4 draconian annihilators (Zot:1)
  18 ironbound preservers
  5 spriggan defenders
  4 quicksilver oozes
  2 reapers (Hell)
  8 ironbound thunderhulks
  3 green draconians
  Nessos (D:13)
  6 broodmothers
  15 stone giants
  39 very ugly things
  A demonspawn black sun (D:15)
  2 yellow draconians
  6 deep elf demonologists
  2 bunyips (Swamp:3)
  8 vampire knights
  2 black draconians
  4 eleionomae
  2 red draconians (Depths:4)
  13 deep elf annihilators
  A purple draconian (Depths:4)
  7 putrid mouths
  A wendigo (Hell)
  5 spark wasps
  8 dire elephants
  5 white draconians
  6 eidola
  The ghost of Athor the Cleaver, a journeyman FoFi of Okawaru (D:11)
  3 green deaths
  2 blizzard demons
  16 deep elf high priests
  8 entropy weavers
  6 deep elf death magi
  5 ettins
  7 fire dragons
  A merfolk javelineer (Depths:3)
  22 jiangshi
  13 great orbs of eyes
  17 yaktaur captains
  5 rakshasas
  2 caustic shrike simulacra (Hell)
  4 ogre magi
  9 hydras
  A demonspawn (Orc:2)
  10 ice dragons
  A hell beast (Swamp:4)
  A fenstrider witch skeleton (Crypt:3)
  2 fenstrider witch zombies
  3 spriggan air magi
  34 vault guards
  2 ghost crabs
  A spriggan skeleton (Crypt:3)
  2 boulder beetles
  6 centaur warriors
  3 radroaches
  13 ironbound frosthearts
  8 alligators
  4 death knights
  27 dancing weapons
  3 deep troll shamans
  2 two-headed ogres
  A bennu zombie (Crypt:2)
  8 deep troll earth magi
  4 tengu warriors
  10 vampire magi
  3 hell hogs (Hell)
  7 spriggan berserkers
  A thrashing horror (Swamp:4)
  11 soul eaters
  5 sun demons
  2 titan zombies
  13 hell knights
  4 pharaoh ants
  3 shadow wraiths
  3 titan skeletons
  An emperor scorpion zombie (Crypt:3)
  6 iron trolls
  21 deep elf knights
  23 skeletal warriors
  3 glowing orange brains
  2 sixfirhies
  4 sun moths
  A golden dragon zombie (Depths:3)
  A bunyip zombie (Hell)
  47 deep trolls
  2 shadow demons
  6 steelbarb worms
  2 goliath frogs (Swamp:4)
  An anaconda zombie (Crypt:3)
  A storm dragon skeleton (Hell)
  A shadow dragon zombie (Crypt:2)
  4 flayed ghosts
  5 spriggan druids
  15 ironbound convokers
  8 bog bodies
  4 swamp dragons
  4 wizards
  A swamp dragon (shapeshifter) (Elf:3)
  2 orange crystal statues (Abyss:3)
  An iron giant skeleton (Crypt:1)
  12 phantasmal warriors
  11 orb spiders
  8 harpies
  3 bunyip skeletons
  6 lindwurms (Vaults:2)
  An iron dragon zombie (Crypt:3)
  A cyclops (D:13)
  An oklob plant (Spider:1)
  2 tengu skeletons
  29 deep elf zephyrmancers
  A shining eye (Slime:5)
  15 necromancers
  20 deep elf archers
  A goliath frog zombie (Crypt:2)
  A shadow dragon skeleton (Depths:3)
  32 deep elf pyromancers
  30 ugly things
  11 wolf spiders
  4 will-o-the-wisps
  6 orc knights
  4 salamanders (Depths:2)
  A guardian serpent (shapeshifter) (Abyss:3)
  A centaur zombie (Hell)
  9 moths of wrath
  9 rust devils
  2 draconian skeletons (Hell)
  2 elephants (Lair:5)
  A dire elephant zombie (Crypt:3)
  An iron dragon skeleton (Crypt:1)
  19 vault sentinels
  An apocalypse crab (Abyss:3)
  A stone giant skeleton (Crypt:1)
  A molten gargoyle (Hell)
  An emperor scorpion simulacrum (Hell)
  A black mamba (Lair:4)
  3 cane toads
  4 smoke demons (Hell)
  A catoblepas zombie (Hell)
  2 naga zombies
  4 torpor snails
  A naga skeleton (Crypt:3)
  An eye of devastation (Slime:1)
  A shock serpent skeleton (Crypt:2)
  17 demonic crawlers
  A rime drake (shapeshifter) (Elf:2)
  3 orange demons
  10 unseen horrors
  3 tengu conjurers
  A hellion (Depths:3)
  3 komodo dragons
  23 yaktaurs
  An alligator snapping turtle skeleton (Crypt:1)
  An iron troll zombie (Crypt:1)
  An orb spider zombie (Crypt:3)
  2 hellwings
  An anaconda simulacrum (Hell)
  7 freezing wraiths
  2 guardian mummies
  A hydra zombie (Hell)
  2 harpy zombies
  A meliai (Spider:4)
  10 tyrant leeches
  A meliai (shapeshifter) (Elf:1)
  A wind drake (shapeshifter) (Vaults:5)
  16 tarantellas
  A purple draconian skeleton (Crypt:1)
  A death drake zombie (Swamp:1)
  11 large abominations
  111 slime creatures
  A dream sheep (shapeshifter) (Vaults:5)
  An ettin zombie (Hell)
  3 harpy skeletons
  10 hornets
  9 blink frogs
  7 raiju (Abyss:3)
  21 jumping spiders
  A boulder beetle zombie (Crypt:1)
  A centaur simulacrum (Crypt:3)
  3 ynoxinuls (Abyss:3)
  An air elemental (Elf:2)
  A yak (shapeshifter) (Depths:3)
  A frost giant simulacrum (Depths:3)
  3 shadows (Swamp:4)
  15 culicivoras
  12 spriggans
  2 wyverns
  A vampire (Crypt:3)
  A dire elephant simulacrum (Crypt:3)
  3 wraiths
  11 yaks
  A naga simulacrum (Crypt:2)
  A fire elemental (Elf:2)
  13 water elementals
  10 humans
  A golden eye (Slime:4)
  4 neqoxecs (Abyss:3)
  42 redbacks
  2 chaos spawn
  A steam dragon (shapeshifter) (Vaults:5)
  7 vampire mosquitoes
  11 swamp worms
  An acid dragon (shapeshifter) (D:14)
  2 harpy simulacra
  4 acid dragons (Spider:1)
  9 hydra simulacra
  2 water moccasins
  3 hell hounds (Abyss:3)
  4 small abominations
  A sky beast (Abyss:3)
  3 swamp drakes
  An ettin simulacrum (Hell)
  7 orc warriors
  7 boggarts (Vaults:1)
  2 wolves (Lair:2)
  3 centaurs
  2 phantoms
  A kobold brigand (D:6)
  A rime drake zombie (Crypt:1)
  A snapping turtle skeleton (Crypt:2)
  A hog skeleton (Crypt:1)
  A yaktaur zombie (Crypt:2)
  The ghost of Oxighum the Conjurer, an amateur TeRe (D:3)
  5 bullfrogs
  5 earth elementals
  2 necrophages (Crypt:2)
  A scorpion (D:7)
  A cyclops zombie (Crypt:3)
  A wyvern skeleton (Crypt:3)
  4 killer bees
  A polar bear zombie (Crypt:3)
  12 electric eels
  18 starcursed masses (Abyss:3)
  4 human zombies (Crypt:1)
  4 hounds
  5 orc priests
  6 jellies
  5 orc wizards
  2 iguanas
  7 hell rats (Hell)
  17 mummies
  A gnoll (Orc:2)
  2 adders
  A swamp drake skeleton (Crypt:2)
  A white imp (D:8)
  A worm (D:9)
  3 dart slugs
  14 orcs
  4 endoplasms
  2 giant cockroaches (D:3)
  5 goblins
  4 hobgoblins
  5 jackals
  3 kobolds
  A quokka (D:2)
  3 ball pythons
  A ball python skeleton (Crypt:2)
  4 bats
  A dart slug zombie (Crypt:3)
  3 frilled lizards
  A frilled lizard skeleton (Crypt:3)
  2 hobgoblin skeletons
  A jackal skeleton (Crypt:1)
  3 rats
  5 briar patches (Swamp:3)
1784 creatures vanquished.

Vanquished Creatures (collateral kills)
  3 dread liches (Zot:5)
  An orb of fire (Zot:5)
  Mara (Spider:4)
  5 ancient liches (Zot:5)
  4 Killer Klowns
  Saint Roka (Orc:2)
  A golden dragon (Zot:4)
  2 electric golems (Zot:5)
  Rupert (D:13)
  3 tentacled monstrosities
  2 titans (Vaults:5)
  Jorgrun (D:15)
  20 Orb Guardians (Zot:5)
  A deep elf master archer (Elf:3)
  Grunn (Depths:3)
  3 death cobs
  4 quicksilver dragons
  An acid blob (Slime:1)
  Agnes (Spider:3)
  3 shadow dragons
  3 storm dragons (Zot:2)
  2 draconian monks
  2 azure jellies
  A rockslime (Slime:4)
  A draconian knight (Zot:1)
  2 vault wardens
  3 frost giants
  2 deep elf sorcerers
  An emperor scorpion (Spider:4)
  A draconian scorcher (Zot:1)
  An orc warlord (Vaults:3)
  An angel (Zot:1)
  Louise (D:15)
  An ironbound preserver (Vaults:5)
  A quicksilver ooze (Slime:5)
  6 very ugly things
  A draconian annihilator (Zot:1)
  2 stone giants
  An elemental wellspring (Hell)
  3 black draconians
  A deep elf annihilator (Elf:3)
  2 purple draconians
  2 yellow draconians
  A red draconian (Zot:5)
  A bunyip (Swamp:3)
  A spark wasp (Depths:4)
  2 yaktaur captains (Vaults:5)
  3 fire dragons
  2 deep elf high priests (Elf:3)
  Harold (Lair:2)
  An entropy weaver (Spider:4)
  4 great orbs of eyes
  A demonspawn (Orc:2)
  3 vault guards (Vaults:5)
  2 jorogumos
  2 ice dragons
  9 hydras
  3 boulder beetles
  An ironbound frostheart (Vaults:1)
  An alligator (Swamp:1)
  2 centaur warriors
  5 two-headed ogres
  2 dancing weapons
  A deep troll shaman (Depths:3)
  5 orc high priests (Orc:2)
  2 tengu warriors
  Sonja (Orc:2)
  3 deep elf knights (Elf:2)
  Urug (D:12)
  A spriggan berserker (Depths:4)
  2 hell knights (Depths:1)
  2 soul eaters (Hell)
  2 iron trolls (Depths:3)
  A fire crab (shapeshifter) (D:15)
  2 pharaoh ants
  5 deep trolls
  A shadow wraith (Vaults:5)
  2 orb spiders
  A goliath frog (Swamp:3)
  5 bog bodies
  A swamp dragon (Swamp:4)
  A wizard (Depths:2)
  A phantasmal warrior (Vaults:5)
  2 deep elf archers
  2 deep elf zephyrmancers
  6 orc sorcerers (Orc:2)
  4 orc knights
  A necromancer (Swamp:1)
  A shining eye (Slime:5)
  6 ugly things
  A salamander (Depths:1)
  6 deep elf pyromancers
  A wolf spider (Spider:2)
  6 cyclopes
  A manticore (D:14)
  10 moths of wrath
  A rust devil (Orc:2)
  A vault sentinel (Vaults:1)
  3 black mambas
  9 elephants
  3 smoke demons
  2 torpor snails
  An orange demon (Orc:2)
  A black mamba (shapeshifter) (D:15)
  19 cane toads
  3 unseen horrors
  Maggie (Lair:1)
  A gargoyle (D:14)
  4 rime drakes
  A kobold demonologist (D:12)
  An efreet (D:15)
  7 komodo dragons
  A tormentor (Depths:3)
  3 anaconda simulacra (Hell)
  A tengu conjurer (Depths:4)
  An ice devil (Orc:2)
  2 hellwings (Zot:5)
  4 yaktaurs (Vaults:3)
  An alligator snapping turtle skeleton (Hell)
  5 trolls
  10 tarantellas
  A tarantella (shapeshifter) (D:15)
  A bloated husk (Swamp:1)
  5 polar bears
  3 tyrant leeches
  16 blink frogs
  A hornet (Swamp:3)
  Prince Ribbit (D:9)
  22 slime creatures
  3 jumping spiders
  2 vampires
  2 spriggans (Swamp:4)
  A spriggan (shapeshifter) (D:15)
  A shadow (D:12)
  2 water elementals (Depths:3)
  2 culicivoras
  A small abomination (Depths:2)
  2 centaur simulacra
  52 yaks
  A ynoxinul (Depths:1)
  Eustachio (D:5)
  4 basilisks
  3 wyverns
  A wraith (D:9)
  3 fire bats (Lair:1)
  6 humans
  12 redbacks
  A chaos spawn (Depths:2)
  A steam dragon (D:8)
  A redback simulacrum (D:15)
  2 golden eyes (Slime:4)
  A neqoxec (Orc:2)
  A swamp worm (shapeshifter) (Vaults:5)
  12 vampire mosquitoes
  2 swamp worms
  A warg (Orc:1)
  2 acid dragons (Spider:1)
  A death drake simulacrum (Swamp:1)
  7 water moccasins
  A black bear (D:7)
  28 orc warriors
  2 ice beasts (D:7)
  A sky beast (D:8)
  5 ogres
  A wolf (Lair:2)
  10 centaurs
  2 kobold brigands
  2 phantoms
  12 bullfrogs
  4 necrophages
  3 scorpions (D:6)
  7 wights (D:8)
  A naga simulacrum (Hell)
  10 killer bees
  6 howler monkeys
  3 electric eels
  3 lava snakes (Lair:1)
  A hound (D:7)
  A jelly (D:5)
  25 orc priests
  A gnoll bouda (Orc:2)
  19 orc wizards
  A lightning spire (Zot:4)
  3 hell rats (Hell)
  3 gnolls (Orc:2)
  2 adders (D:4)
  2 ufetubi
  64 orcs
  3 endoplasms
  A giant cockroach (D:1)
  5 goblins
  3 hobgoblins
  13 jackals
  2 quokkas
  7 ball pythons
  A bat (D:2)
  A frilled lizard (D:1)
  27 kobolds
  4 rats
  A lurking horror (Abyss:3)
792 creatures vanquished.

Vanquished Creatures (others)
  An orb of fire (Zot:1)
  An ancient lich (Zot:1)
  3 tentacled monstrosities
  3 Orb Guardians (Zot:5)
  A death cob (Zot:5)
  2 draconian monks
  A storm dragon (Zot:2)
  4 draconian knights
  2 draconian shifters
  A draconian scorcher (Zot:2)
  A deep elf sorcerer (Elf:3)
  A draconian stormcaller (Zot:1)
  2 draconian annihilators
  4 green draconians
  A black draconian (Zot:5)
  3 purple draconians
  4 yellow draconians
  4 white draconians
  A green death (Depths:3)
  A deep elf knight (Elf:1)
  2 deep elf archers (Elf:1)
  A deep elf zephyrmancer (Elf:1)
  A wizard (Vaults:2)
  An orc sorcerer (Elf:1)
  4 moths of wrath (Zot:2)
  2 bloated husks (Swamp:1)
  A tyrant leech (Swamp:1)
  A tarantella (Spider:2)
  A swamp drake (Swamp:1)
  14 foxfires
  28 fungi
  90 plants
187 creatures vanquished.

Grand Total: 2763 creatures vanquished

Table legend:
 A = Non-vault XP
 B = Vault XP
 C = Vault XP percentage of total XP
 D = Non-vault monster count
 E = Vault monster count
 F = Vault count percentage of total count
                 A         B        C        D         E       F
            +---------+---------+-------+---------+---------+-------
      Total |  785825 |  732318 |  48.2 |    1666 |     888 |  34.8
            +---------+---------+-------+---------+---------+-------
        D:1 |      54 |       6 |  10.0 |      33 |       3 |   8.3
        D:2 |      44 |       0 |   0.0 |      18 |       0 |   0.0
        D:3 |      49 |     100 |  67.1 |      25 |       1 |   3.8
        D:4 |     772 |       0 |   0.0 |      23 |       0 |   0.0
        D:5 |     998 |     197 |  16.5 |      23 |       1 |   4.2
        D:6 |     734 |       0 |   0.0 |      20 |       0 |   0.0
        D:7 |    1134 |      42 |   3.6 |      20 |       1 |   4.8
        D:8 |    2497 |    2176 |  46.6 |      26 |       6 |  18.8
        D:9 |    2179 |     264 |  10.8 |      23 |       2 |   8.0
       D:10 |    3950 |       0 |   0.0 |      21 |       0 |   0.0
       D:11 |    4517 |    1751 |  27.9 |      18 |       4 |  18.2
       D:12 |    4630 |    2348 |  33.6 |      33 |       9 |  21.4
       D:13 |    5239 |    7045 |  57.4 |      14 |      15 |  51.7
       D:14 |    7831 |    1120 |  12.5 |      22 |       1 |   4.3
       D:15 |    8550 |    4759 |  35.8 |      24 |       4 |  14.3
     Lair:1 |    4334 |     734 |  14.5 |      18 |       8 |  30.8
     Lair:2 |    6094 |     884 |  12.7 |      24 |       1 |   4.0
     Lair:3 |    3849 |    2819 |  42.3 |      13 |       5 |  27.8
     Lair:4 |   10673 |     584 |   5.2 |      33 |       2 |   5.7
     Lair:5 |   14479 |    9551 |  39.7 |      46 |      39 |  45.9
    Swamp:1 |   11449 |    1873 |  14.1 |      21 |       4 |  16.0
    Swamp:2 |    8270 |       0 |   0.0 |      18 |       0 |   0.0
    Swamp:3 |   11840 |    1400 |  10.6 |      20 |       3 |  13.0
    Swamp:4 |   15346 |   20893 |  57.7 |      36 |      31 |  46.3
   Spider:1 |   10330 |    6170 |  37.4 |      24 |      12 |  33.3
   Spider:2 |   20680 |    4383 |  17.5 |      55 |      12 |  17.9
   Spider:3 |   14021 |    2549 |  15.4 |      41 |       2 |   4.7
   Spider:4 |   12732 |   28099 |  68.8 |      29 |      47 |  61.8
    Slime:1 |   12485 |    3164 |  20.2 |      17 |      10 |  37.0
    Slime:2 |    7403 |       0 |   0.0 |      14 |       0 |   0.0
    Slime:3 |    7590 |       0 |   0.0 |      13 |       0 |   0.0
    Slime:4 |   16442 |       0 |   0.0 |      32 |       0 |   0.0
    Slime:5 |   12303 |   24985 |  67.0 |      25 |      18 |  41.9
      Orc:1 |    1116 |    3944 |  77.9 |      26 |       2 |   7.1
      Orc:2 |    2156 |   19862 |  90.2 |      38 |      76 |  66.7
      Elf:1 |   18087 |    9151 |  33.6 |      33 |      12 |  26.7
      Elf:2 |   32129 |   25996 |  44.7 |      49 |      35 |  41.7
      Elf:3 |   18202 |   43891 |  70.7 |      30 |      43 |  58.9
   Vaults:1 |   23649 |   32729 |  58.1 |      46 |      40 |  46.5
   Vaults:2 |   36025 |   20553 |  36.3 |      43 |      22 |  33.8
   Vaults:3 |   51153 |   20055 |  28.2 |      75 |      22 |  22.7
   Vaults:4 |   17673 |   16127 |  47.7 |      19 |      20 |  51.3
   Vaults:5 |   15353 |  112112 |  88.0 |      21 |     102 |  82.9
    Crypt:1 |   22571 |    3390 |  13.1 |      45 |       1 |   2.2
    Crypt:2 |   40732 |    7944 |  16.3 |      61 |      13 |  17.6
    Crypt:3 |   33500 |   30391 |  47.6 |      44 |      41 |  48.2
   Depths:1 |   26205 |    8810 |  25.2 |      32 |      11 |  25.6
   Depths:2 |   29141 |   17002 |  36.8 |      35 |      36 |  50.7
   Depths:3 |   33667 |   49668 |  59.6 |      39 |      44 |  53.0
   Depths:4 |   30800 |   25666 |  45.5 |      37 |      27 |  42.2
       Hell |   40761 |   22511 |  35.6 |      69 |      32 |  31.7
      Zot:1 |   15321 |    6281 |  29.1 |      16 |       8 |  33.3
      Zot:2 |    6986 |    2471 |  26.1 |       8 |       1 |  11.1
      Zot:3 |   11133 |    7905 |  41.5 |      10 |       6 |  37.5
      Zot:4 |   20220 |    7302 |  26.5 |      19 |       5 |  20.8
      Zot:5 |    5603 |  106096 |  95.0 |       7 |      37 |  84.1
    Abyss:3 |   10144 |    4565 |  31.0 |      42 |      11 |  20.8
            +---------+---------+-------+---------+---------+-------

Illustrated notes

Table legend:
 A = Kills in this place as a percentage of kills in entire the game.
 B = Kills by you in this place as a percentage of kills by you in the entire game.
 C = Kills by friends in this place as a percentage of kills by friends in the entire game.
 D = Other kills in this place as a percentage of other kills in the entire game.
 E = Experience gained in this place as a percentage of experience gained in the entire game.
 F = Experience gained in this place divided by the number of levels of this place that you have seen.
                   A       B       C       D       E      F
               +-------+-------+-------+-------+-------+----------------------
         Total | 100.0 | 100.0 | 100.0 | 100.0 | 100.0 | 25211.4
       Dungeon |  15.4 |   7.1 |  34.4 |   0.0 |   4.5 | 4646.2
          Lair |   7.3 |   2.8 |  17.9 |   0.0 |   3.5 | 10800.2
         Swamp |   5.2 |   6.3 |   2.4 |  15.8 |   4.6 | 17767.8
   Spider Nest |   8.6 |  10.1 |   5.5 |   5.3 |   6.4 | 24741.0
    Slime Pits |   5.0 |   5.9 |   3.1 |   0.0 |   5.5 | 16874.4
  Orcish Mines |   5.5 |   1.3 |  15.2 |   0.0 |   1.8 | 13539.0
   Elven Halls |   7.9 |  10.3 |   2.0 |  21.1 |   9.6 | 49152.0
        Vaults |  15.9 |  21.2 |   4.5 |   0.0 |  22.5 | 69085.8
         Crypt |   8.0 |  11.6 |   0.0 |   0.0 |   9.0 | 46176.0
        Depths |  10.4 |  13.3 |   4.0 |   5.3 |  14.9 | 57176.8
          Hell |   3.9 |   4.9 |   1.8 |   0.0 |   4.1 | 63272.0
           Zot |   4.8 |   2.3 |   9.3 |  52.6 |  12.7 | 38923.4
         Abyss |   2.1 |   3.0 |   0.0 |   0.0 |   1.0 | 7354.5
               +-------+-------+-------+-------+-------+----------------------

Table legend: (Time is in decaauts)
 A = Elapsed time spent in this place.
 B = Non-inter-level travel time spent in this place.
 C = Inter-level travel time spent in this place.
 D = Time resting spent in this place.
 E = Time spent auto-exploring this place.
 F = Levels seen in this place.
 G = Mean time per level.
                   A        B        C        D        E       F      G
               +--------+--------+--------+--------+--------+-----+--------+
         Total |  82747 |  71865 |  10882 |   8307 |  50554 |  61 | 1356.5 |
       Dungeon |  23693 |  19188 |   4505 |   1964 |  13919 |  15 | 1579.5 |
        Temple |     88 |     76 |     12 |      0 |     69 |   1 |   88.0 |
          Lair |   8461 |   7150 |   1311 |   1287 |   4496 |   5 | 1692.2 |
         Swamp |   5241 |   4982 |    259 |    772 |   3389 |   4 | 1310.2 |
   Spider Nest |   7350 |   6821 |    529 |   1396 |   4459 |   4 | 1837.5 |
    Slime Pits |   3437 |   2829 |    608 |    192 |   2104 |   5 |  687.4 |
  Orcish Mines |   3925 |   3341 |    584 |    847 |   1687 |   2 | 1962.5 |
   Elven Halls |   5119 |   4634 |    485 |    472 |   3200 |   3 | 1706.3 |
        Vaults |   9251 |   8046 |   1205 |    699 |   5886 |   5 | 1850.2 |
         Crypt |   3456 |   3264 |    192 |     80 |   2451 |   3 | 1152.0 |
        Depths |   6494 |   5795 |    699 |    245 |   4508 |   4 | 1623.5 |
          Hell |    832 |    805 |     27 |      0 |    561 |   1 |  832.0 |
           Zot |   4955 |   4493 |    462 |    353 |   3658 |   5 |  991.0 |
         Abyss |    302 |    302 |      0 |      0 |    104 |   2 |  151.0 |
        Bazaar |     96 |     96 |      0 |      0 |     49 |   1 |   96.0 |
         Trove |     38 |     38 |      0 |      0 |     14 |   1 |   38.0 |
               +--------+--------+--------+--------+--------+-----+--------+

Top non-repeatable levels by time:
   Orc:2: 2726 daAuts
Spider:3: 2253 daAuts
    D:13: 2219 daAuts
Vaults:4: 2135 daAuts
Depths:3: 2070 daAuts
    D:11: 1958 daAuts
    D:10: 1897 daAuts
   Elf:1: 1894 daAuts
  Lair:5: 1876 daAuts
Vaults:1: 1867 daAuts
  Lair:1: 1867 daAuts
    D:15: 1836 daAuts
    D:12: 1832 daAuts
Spider:2: 1828 daAuts
Vaults:3: 1815 daAuts
